Workbook

Sheet Dashboard
B5: Fixed Asset Register & Depreciation Calculator
B6: =Setup!$C$4&" • "&TEXT(Setup!$C$5,"dd mmm yyyy")&" to "&TEXT(Setup!$C$6,"dd mmm yyyy") -> M/s Xplore Industries • 01 Apr 2026 to 31 Mar 2027
B8: GO TO SHEET | E8: THIS YEAR AT A GLANCE
B9: =HYPERLINK("#'Setup'!A1","1. Setup ►") -> 1. Setup ► | C9: Company, year, residual % | E9: Assets on register | F9: =COUNTIF('Asset Register'!$G$7:$G$106,">0") -> 12 | I9: =IFERROR(INDEX('PPE Schedule'!$A$7:$A$24,MATCH(1,'PPE Schedule'!$L$7:$L$24,0)),"") -> Land (freehold) | J9: =IFERROR(INDEX('PPE Schedule'!$J$7:$J$24,MATCH(1,'PPE Schedule'!$L$7:$L$24,0)),0) -> 1500000
B10: =HYPERLINK("#'Rate Chart'!A1","2. Rate Chart ►") -> 2. Rate Chart ► | C10: Useful lives, SLM/WDV & IT rates | E10: Gross block at year end | F10: ='PPE Schedule'!E25 -> 11645000 | I10: =IFERROR(INDEX('PPE Schedule'!$A$7:$A$24,MATCH(2,'PPE Schedule'!$L$7:$L$24,0)),"") -> Buildings – RCC (other than factory) | J10: =IFERROR(INDEX('PPE Schedule'!$J$7:$J$24,MATCH(2,'PPE Schedule'!$L$7:$L$24,0)),0) -> 2222917
B11: =HYPERLINK("#'Asset Register'!A1","3. Asset Register ►") -> 3. Asset Register ► | C11: Every asset, depreciation, sales | E11: Depreciation – Companies Act | F11: ='PPE Schedule'!G25 -> 1066477 | I11: =IFERROR(INDEX('PPE Schedule'!$A$7:$A$24,MATCH(3,'PPE Schedule'!$L$7:$L$24,0)),"") -> Factory Buildings | J11: =IFERROR(INDEX('PPE Schedule'!$J$7:$J$24,MATCH(3,'PPE Schedule'!$L$7:$L$24,0)),0) -> 1018573
B12: =HYPERLINK("#'PPE Schedule'!A1","4. PPE Schedule ►") -> 4. PPE Schedule ► | C12: Gross block, dep., net block | E12: Net block at year end | F12: ='PPE Schedule'!J25 -> 8320661 | I12: =IFERROR(INDEX('PPE Schedule'!$A$7:$A$24,MATCH(4,'PPE Schedule'!$L$7:$L$24,0)),"") -> Plant & Machinery (general) | J12: =IFERROR(INDEX('PPE Schedule'!$J$7:$J$24,MATCH(4,'PPE Schedule'!$L$7:$L$24,0)),0) -> 879879
B13: =HYPERLINK("#'Income Tax Block'!A1","5. Income Tax Block ►") -> 5. Income Tax Block ► | C13: Block-wise tax depreciation | E13: Depreciation – Income Tax | F13: ='Income Tax Block'!H13 -> 1467000 | I13: =IFERROR(INDEX('PPE Schedule'!$A$7:$A$24,MATCH(5,'PPE Schedule'!$L$7:$L$24,0)),"") -> Furniture & Fittings | J13: =IFERROR(INDEX('PPE Schedule'!$J$7:$J$24,MATCH(5,'PPE Schedule'!$L$7:$L$24,0)),0) -> 101051
B14: =HYPERLINK("#'Asset Projection'!A1","6. Asset Projection ►") -> 6. Asset Projection ► | C14: SLM vs WDV year by year | E14: Profit / (loss) on assets sold | F14: ='Asset Register'!X107 -> 5000 | I14: =IFERROR(INDEX('PPE Schedule'!$A$7:$A$24,MATCH(6,'PPE Schedule'!$L$7:$L$24,0)),"") -> Electrical Installations | J14: =IFERROR(INDEX('PPE Schedule'!$J$7:$J$24,MATCH(6,'PPE Schedule'!$L$7:$L$24,0)),0) -> 111600
B15: =HYPERLINK("#'About Workbook'!A1","How to use ►") -> How to use ► | C15: Features & steps | E15: Additions this year | F15: ='PPE Schedule'!C25 -> 2975000 | I15: =IFERROR(INDEX('PPE Schedule'!$A$7:$A$24,MATCH(7,'PPE Schedule'!$L$7:$L$24,0)),"") -> Office Equipment | J15: =IFERROR(INDEX('PPE Schedule'!$J$7:$J$24,MATCH(7,'PPE Schedule'!$L$7:$L$24,0)),0) -> 40757
I16: =IFERROR(INDEX('PPE Schedule'!$A$7:$A$24,MATCH(8,'PPE Schedule'!$L$7:$L$24,0)),"") -> Computers & Laptops | J16: =IFERROR(INDEX('PPE Schedule'!$J$7:$J$24,MATCH(8,'PPE Schedule'!$L$7:$L$24,0)),0) -> 276635
B17: Checks | I17: =IFERROR(INDEX('PPE Schedule'!$A$7:$A$24,MATCH(9,'PPE Schedule'!$L$7:$L$24,0)),"") -> Motor Cars (not on hire) | J17: =IFERROR(INDEX('PPE Schedule'!$J$7:$J$24,MATCH(9,'PPE Schedule'!$L$7:$L$24,0)),0) -> 400406
B18: =IF(COUNTIF('Asset Register'!$Y$7:$Y$106,"⚠*")>0,"⚠ "&COUNTIF('Asset Register'!$Y$7:$Y$106,"⚠*")&" asset row(s) need attention – see the Check column on the Asset Register.","✔ All asset rows are complete.") -> ✔ All asset rows are complete. | I18: =IFERROR(INDEX('PPE Schedule'!$A$7:$A$24,MATCH(10,'PPE Schedule'!$L$7:$L$24,0)),"") -> Commercial Vehicles (on hire) | J18: =IFERROR(INDEX('PPE Schedule'!$J$7:$J$24,MATCH(10,'PPE Schedule'!$L$7:$L$24,0)),0) -> 1768843
B19: ='PPE Schedule'!A26 -> ✔ Net block agrees with the Asset Register.
B20: =COUNTIF('Asset Register'!$Y$7:$Y$106,"Fully depreciated")&" asset(s) fully depreciated • "&COUNTIF('Asset Register'!$Y$7:$Y$106,"Sold this year")&" sold this year" -> 0 asset(s) fully depreciated • 1 sold this year
E41: Designed by
F44: Check out our templates @ xplorexcel.com

Sheet About Workbook
A1: ◄ BACK TO DASHBOARD
A2: Features of Fixed Asset Register & Depreciation Calculator 1.0 in Microsoft Excel :-
A3: 1 | B3: Life-time free – no macros, works in Excel 2010+, Excel for Mac and Google Sheets
A4: 2 | B4: Fixed asset register for up to 100 assets with ID, category, location, put-to-use date, cost and sale details
A5: 3 | B5: Depreciation as per Companies Act, 2013 (Schedule II) – SLM or WDV per asset, pro-rata by days, residual value 5%
A6: 4 | B6: Editable rate chart – useful lives with SLM and WDV rates worked out automatically; add your own categories
A7: 5 | B7: Opening accumulated depreciation calculated from the put-to-use date, or typed in from your books
A8: 6 | B8: Sales and discards – depreciation up to the date of sale, profit or loss on sale
A9: 7 | B9: PPE Schedule in Schedule III style – gross block, depreciation and net block by category
A10: 8 | B10: Income Tax depreciation by block of assets with the half-rate rule for assets used less than 180 days
A11: 9 | B11: Book vs tax depreciation difference (for deferred tax)
A12: 10 | B12: Asset Projection – SLM vs WDV for any asset over its whole life, with a chart
A13: 11 | B13: Checks for missing category, date or cost, sale before use and fully depreciated assets
A15: How to use it (4 steps)
A16: Step 1 | B16: Setup – company name, financial year start, residual value % and default method.
A17: Step 2 | B17: Rate Chart – check useful lives and Income Tax blocks; edit or add categories if needed.
A18: Step 3 | B18: Asset Register – one row per asset. Fix anything the Check column flags.
A19: Step 4 | B19: Read the PPE Schedule and Income Tax Block (enter each block's opening WDV). Use Asset Projection to plan.
B21: Rates and lives are for guidance; confirm with your auditor or tax adviser before finalising accounts or returns.

Sheet Setup
A1: ◄ BACK TO DASHBOARD
A2: Company & Year Settings
A4: Company / Firm Name | C4: M/s Xplore Industries
A5: Financial year starts on | C5: 46113
A6: Financial year ends on | C6: =EDATE(C5,12)-1 -> 46477 | D6: calculated
A7: Residual value (% of cost) | C7: 0.05 | D7: Schedule II allows up to 5%
A8: Default method (SLM / WDV) | C8: WDV
A9: Prepared by | C9: Accounts Department
A11: How it works
A12: 1. Check the useful lives and Income Tax blocks on the Rate Chart (edit or add your own categories).
A13: 2. Enter every asset on the Asset Register: category, put-to-use date, cost, method, and sale details if sold.
A14: 3. Read the PPE Schedule (Companies Act) and the Income Tax Block sheet. Use Asset Projection to see one asset year by year.
B17: Designed by

Sheet Rate Chart
A1: ◄ BACK TO DASHBOARD
A2: Depreciation Rate Chart – Companies Act (Schedule II) and Income Tax
A3: Yellow cells are editable. SLM and WDV rates are worked out from useful life and the residual value % on Setup. Add your own categories in the blank rows.
A5: Asset category | B5: Useful life (years) – Schedule II | C5: SLM rate | D5: WDV rate | E5: Income Tax block | F5: IT rate | H5: Income Tax block | I5: Rate
A6: Land (freehold) | B6: 0 | C6: =IF(OR(A6="",N(B6)=0),"",(1-Setup!$C$7)/B6) | D6: =IF(OR(A6="",N(B6)=0),"",1-Setup!$C$7^(1/B6)) | E6: Not depreciable | F6: =IF(E6="","",IFERROR(VLOOKUP(E6,$H$6:$I$12,2,FALSE()),"")) -> 0 | H6: Building – Residential (5%) | I6: 0.05
A7: Buildings – RCC (other than factory) | B7: 60 | C7: =IF(OR(A7="",N(B7)=0),"",(1-Setup!$C$7)/B7) -> 0.015833333 | D7: =IF(OR(A7="",N(B7)=0),"",1-Setup!$C$7^(1/B7)) -> 0.048702913 | E7: Building – Others (10%) | F7: =IF(E7="","",IFERROR(VLOOKUP(E7,$H$6:$I$12,2,FALSE()),"")) -> 0.1 | H7: Building – Others (10%) | I7: 0.1
A8: Factory Buildings | B8: 30 | C8: =IF(OR(A8="",N(B8)=0),"",(1-Setup!$C$7)/B8) -> 0.031666667 | D8: =IF(OR(A8="",N(B8)=0),"",1-Setup!$C$7^(1/B8)) -> 0.095033853 | E8: Building – Others (10%) | F8: =IF(E8="","",IFERROR(VLOOKUP(E8,$H$6:$I$12,2,FALSE()),"")) -> 0.1 | H8: Furniture & Fittings (10%) | I8: 0.1
A9: Residential Buildings | B9: 60 | C9: =IF(OR(A9="",N(B9)=0),"",(1-Setup!$C$7)/B9) -> 0.015833333 | D9: =IF(OR(A9="",N(B9)=0),"",1-Setup!$C$7^(1/B9)) -> 0.048702913 | E9: Building – Residential (5%) | F9: =IF(E9="","",IFERROR(VLOOKUP(E9,$H$6:$I$12,2,FALSE()),"")) -> 0.05 | H9: Plant & Machinery (15%) | I9: 0.15
A10: Plant & Machinery (general) | B10: 15 | C10: =IF(OR(A10="",N(B10)=0),"",(1-Setup!$C$7)/B10) -> 0.063333333 | D10: =IF(OR(A10="",N(B10)=0),"",1-Setup!$C$7^(1/B10)) -> 0.18103627 | E10: Plant & Machinery (15%) | F10: =IF(E10="","",IFERROR(VLOOKUP(E10,$H$6:$I$12,2,FALSE()),"")) -> 0.15 | H10: Vehicles on Hire (30%) | I10: 0.3
A11: Furniture & Fittings | B11: 10 | C11: =IF(OR(A11="",N(B11)=0),"",(1-Setup!$C$7)/B11) -> 0.095 | D11: =IF(OR(A11="",N(B11)=0),"",1-Setup!$C$7^(1/B11)) -> 0.25886555 | E11: Furniture & Fittings (10%) | F11: =IF(E11="","",IFERROR(VLOOKUP(E11,$H$6:$I$12,2,FALSE()),"")) -> 0.1 | H11: Computers & Software (40%) | I11: 0.4
A12: Electrical Installations | B12: 10 | C12: =IF(OR(A12="",N(B12)=0),"",(1-Setup!$C$7)/B12) -> 0.095 | D12: =IF(OR(A12="",N(B12)=0),"",1-Setup!$C$7^(1/B12)) -> 0.25886555 | E12: Furniture & Fittings (10%) | F12: =IF(E12="","",IFERROR(VLOOKUP(E12,$H$6:$I$12,2,FALSE()),"")) -> 0.1 | H12: Not depreciable | I12: 0
A13: Office Equipment | B13: 5 | C13: =IF(OR(A13="",N(B13)=0),"",(1-Setup!$C$7)/B13) -> 0.19 | D13: =IF(OR(A13="",N(B13)=0),"",1-Setup!$C$7^(1/B13)) -> 0.45071973 | E13: Plant & Machinery (15%) | F13: =IF(E13="","",IFERROR(VLOOKUP(E13,$H$6:$I$12,2,FALSE()),"")) -> 0.15
A14: Computers & Laptops | B14: 3 | C14: =IF(OR(A14="",N(B14)=0),"",(1-Setup!$C$7)/B14) -> 0.31666667 | D14: =IF(OR(A14="",N(B14)=0),"",1-Setup!$C$7^(1/B14)) -> 0.63159685 | E14: Computers & Software (40%) | F14: =IF(E14="","",IFERROR(VLOOKUP(E14,$H$6:$I$12,2,FALSE()),"")) -> 0.4
A15: Servers & Networks | B15: 6 | C15: =IF(OR(A15="",N(B15)=0),"",(1-Setup!$C$7)/B15) -> 0.15833333 | D15: =IF(OR(A15="",N(B15)=0),"",1-Setup!$C$7^(1/B15)) -> 0.39303777 | E15: Computers & Software (40%) | F15: =IF(E15="","",IFERROR(VLOOKUP(E15,$H$6:$I$12,2,FALSE()),"")) -> 0.4
A16: Motor Cars (not on hire) | B16: 8 | C16: =IF(OR(A16="",N(B16)=0),"",(1-Setup!$C$7)/B16) -> 0.11875 | D16: =IF(OR(A16="",N(B16)=0),"",1-Setup!$C$7^(1/B16)) -> 0.31234398 | E16: Plant & Machinery (15%) | F16: =IF(E16="","",IFERROR(VLOOKUP(E16,$H$6:$I$12,2,FALSE()),"")) -> 0.15
A17: Motor Cycles & Scooters | B17: 10 | C17: =IF(OR(A17="",N(B17)=0),"",(1-Setup!$C$7)/B17) -> 0.095 | D17: =IF(OR(A17="",N(B17)=0),"",1-Setup!$C$7^(1/B17)) -> 0.25886555 | E17: Plant & Machinery (15%) | F17: =IF(E17="","",IFERROR(VLOOKUP(E17,$H$6:$I$12,2,FALSE()),"")) -> 0.15
A18: Commercial Vehicles (on hire) | B18: 6 | C18: =IF(OR(A18="",N(B18)=0),"",(1-Setup!$C$7)/B18) -> 0.15833333 | D18: =IF(OR(A18="",N(B18)=0),"",1-Setup!$C$7^(1/B18)) -> 0.39303777 | E18: Vehicles on Hire (30%) | F18: =IF(E18="","",IFERROR(VLOOKUP(E18,$H$6:$I$12,2,FALSE()),"")) -> 0.3
C19: =IF(OR(A19="",N(B19)=0),"",(1-Setup!$C$7)/B19) | D19: =IF(OR(A19="",N(B19)=0),"",1-Setup!$C$7^(1/B19)) | F19: =IF(E19="","",IFERROR(VLOOKUP(E19,$H$6:$I$12,2,FALSE()),""))
C20: =IF(OR(A20="",N(B20)=0),"",(1-Setup!$C$7)/B20) | D20: =IF(OR(A20="",N(B20)=0),"",1-Setup!$C$7^(1/B20)) | F20: =IF(E20="","",IFERROR(VLOOKUP(E20,$H$6:$I$12,2,FALSE()),""))
C21: =IF(OR(A21="",N(B21)=0),"",(1-Setup!$C$7)/B21) | D21: =IF(OR(A21="",N(B21)=0),"",1-Setup!$C$7^(1/B21)) | F21: =IF(E21="","",IFERROR(VLOOKUP(E21,$H$6:$I$12,2,FALSE()),""))
C22: =IF(OR(A22="",N(B22)=0),"",(1-Setup!$C$7)/B22) | D22: =IF(OR(A22="",N(B22)=0),"",1-Setup!$C$7^(1/B22)) | F22: =IF(E22="","",IFERROR(VLOOKUP(E22,$H$6:$I$12,2,FALSE()),""))
C23: =IF(OR(A23="",N(B23)=0),"",(1-Setup!$C$7)/B23) | D23: =IF(OR(A23="",N(B23)=0),"",1-Setup!$C$7^(1/B23)) | F23: =IF(E23="","",IFERROR(VLOOKUP(E23,$H$6:$I$12,2,FALSE()),""))
A25: Notes
A26: • Useful lives are from Part C of Schedule II to the Companies Act, 2013. A company may use a different life if it is technically justified and disclosed.
A27: • WDV rate = 1 − (residual value ÷ cost)^(1 ÷ useful life). SLM rate = (100% − residual %) ÷ useful life.
A28: • Income Tax rates follow the block-of-assets depreciation table under the Income-tax law. Check the current rates before filing; every rate here is editable.
A29: • Land is not depreciated under either law.

Sheet Asset Register
A1: ◄ BACK TO DASHBOARD
A2: ="Fixed Asset Register – "&Setup!$C$4&" • "&TEXT(Setup!$C$5,"dd mmm yyyy")&" to "&TEXT(Setup!$C$6,"dd mmm yyyy")&" • Companies Act (Schedule II)" -> Fixed Asset Register – M/s Xplore Industries • 01 Apr 2026 to 31 Mar 2027 • Companies Act (Schedule II)
A3: Fill the yellow columns. Leave Opening Acc. Dep. blank to have it calculated from the put-to-use date, or type the figure from your books. Method blank = default on Setup.
B5: ASSET DETAILS (enter) | L5: RATE | O5: GROSS BLOCK | Q5: DEPRECIATION THIS YEAR | T5: SALES & CLOSING
A6: S.No | B6: Asset ID | C6: Asset description | D6: Category | E6: Location / Dept. | F6: Put-to-use date | G6: Cost (₹) | H6: Method (SLM/WDV) | I6: Opening Acc. Dep. (optional) | J6: Sale / discard date | K6: Sale value (₹) | L6: Useful life (yrs) | M6: Rate | N6: Residual value (₹) | O6: Opening gross (₹) | P6: Additions (₹) | Q6: Opening Acc. Dep. (₹) | R6: Days used | S6: Depreciation (₹) | T6: Deletions – gross (₹) | U6: Dep. on deletions (₹) | V6: Closing Acc. Dep. (₹) | W6: Closing WDV / NBV (₹) | X6: Profit / (Loss) on sale (₹) | Y6: Check
A7: =IF(AND(B7="",C7=""),"",ROW()-6) -> 1 | B7: FA-001 | C7: Freehold land – plot no. 14 | D7: Land (freehold) | E7: Factory | F7: 43922 | G7: 1500000 | H7: SLM | L7: =IF(D7="","",IFERROR(VLOOKUP(D7,'Rate Chart'!$A$6:$F$23,2,FALSE()),0)) -> 0 | M7: =IF(OR(L7="",N(L7)=0),0,IF(AE7="SLM",(1-Setup!$C$7)/L7,1-Setup!$C$7^(1/L7))) -> 0 | N7: =IF(G7="",0,ROUND(G7*Setup!$C$7,0)) -> 75000 | O7: =IF(OR(G7="",F7=""),0,IF(AND(F7<Setup!$C$5,OR(J7="",J7>=Setup!$C$5)),G7,0)) -> 1500000 | P7: =IF(OR(G7="",F7=""),0,IF(AND(F7>=Setup!$C$5,F7<=Setup!$C$6),G7,0)) -> 0 | Q7: =IF(O7=0,0,IF(I7<>"",I7,IF(N(L7)=0,0,ROUND(IF(AE7="SLM",MIN(G7-N7,(G7-N7)/L7*(AA7+AB7)),G7-MAX(N7,G7*(1-M7*AA7)*(1-M7)^AB7)),0)))) -> 0 | R7: =IF(OR(F7="",G7=""),0,IF(OR(F7>Setup!$C$6,AND(J7<>"",J7<Setup!$C$5)),0,MAX(0,MIN(Setup!$C$6,IF(J7="",Setup!$C$6,J7))-MAX(Setup!$C$5,F7)+1))) -> 365 | S7: =IF(OR(N(L7)=0,R7=0),0,MAX(0,ROUND(MIN(IF(AE7="SLM",(G7-N7)/L7,(O7+P7-Q7)*M7)*R7/(Setup!$C$6-Setup!$C$5+1),O7+P7-Q7-N7),0))) -> 0 | T7: =IF(AND(J7<>"",G7<>""),IF(AND(J7>=Setup!$C$5,J7<=Setup!$C$6),O7+P7,0),0) -> 0 | U7: =IF(T7>0,Q7+S7,0) -> 0 | V7: =Q7+S7-U7 -> 0 | W7: =O7+P7-T7-V7 -> 1500000 | X7: =IF(T7>0,N(K7)-(O7+P7-Q7-S7),"") | Y7: =IF(AND(B7="",C7="",G7=""),"",IF(D7="","⚠ Pick category",IF(F7="","⚠ Enter put-to-use date",IF(G7="","⚠ Enter cost",IF(F7>Setup!$C$6,"Not yet in use",IF(AND(J7<>"",J7<F7),"⚠ Sale before put-to-use",IF(AND(J7<>"",J7<Setup!$C$5),"Sold in an earlier year",IF(N(I7)>G7,"⚠ Opening dep. more than cost",IF(T7>0,"Sold this year",IF(AND(N(L7)>0,W7<=N7+1),"Fully depreciated","✔ OK")))))))))) -> ✔ OK | Z7: =IF(F7="","",DATE(YEAR(F7)+IF(MONTH(F7)>=MONTH(Setup!$C$5),1,0),MONTH(Setup!$C$5),1)-1) -> 44286 | AA7: =IF(F7="","",(Z7-F7+1)/(Z7-DATE(YEAR(Z7+1)-1,MONTH(Setup!$C$5),1)+1)) -> 1 | AB7: =IF(F7="","",MAX(0,YEAR(Setup!$C$5)-YEAR(Z7+1))) -> 5 | AC7: =IF(D7="","",IFERROR(VLOOKUP(D7,'Rate Chart'!$A$6:$F$23,5,FALSE()),"")) -> Not depreciable | AD7: =IF(P7>0,Setup!$C$6-F7+1,"") | AE7: =IF(D7="","",IF(H7="",Setup!$C$8,H7)) -> SLM
A8: =IF(AND(B8="",C8=""),"",ROW()-6) -> 2 | B8: FA-002 | C8: Office building | D8: Buildings – RCC (other than factory) | E8: Head office | F8: 43922 | G8: 2500000 | H8: SLM | L8: =IF(D8="","",IFERROR(VLOOKUP(D8,'Rate Chart'!$A$6:$F$23,2,FALSE()),0)) -> 60 | M8: =IF(OR(L8="",N(L8)=0),0,IF(AE8="SLM",(1-Setup!$C$7)/L8,1-Setup!$C$7^(1/L8))) -> 0.015833333 | N8: =IF(G8="",0,ROUND(G8*Setup!$C$7,0)) -> 125000 | O8: =IF(OR(G8="",F8=""),0,IF(AND(F8<Setup!$C$5,OR(J8="",J8>=Setup!$C$5)),G8,0)) -> 2500000 | P8: =IF(OR(G8="",F8=""),0,IF(AND(F8>=Setup!$C$5,F8<=Setup!$C$6),G8,0)) -> 0 | Q8: =IF(O8=0,0,IF(I8<>"",I8,IF(N(L8)=0,0,ROUND(IF(AE8="SLM",MIN(G8-N8,(G8-N8)/L8*(AA8+AB8)),G8-MAX(N8,G8*(1-M8*AA8)*(1-M8)^AB8)),0)))) -> 237500 | R8: =IF(OR(F8="",G8=""),0,IF(OR(F8>Setup!$C$6,AND(J8<>"",J8<Setup!$C$5)),0,MAX(0,MIN(Setup!$C$6,IF(J8="",Setup!$C$6,J8))-MAX(Setup!$C$5,F8)+1))) -> 365 | S8: =IF(OR(N(L8)=0,R8=0),0,MAX(0,ROUND(MIN(IF(AE8="SLM",(G8-N8)/L8,(O8+P8-Q8)*M8)*R8/(Setup!$C$6-Setup!$C$5+1),O8+P8-Q8-N8),0))) -> 39583 | T8: =IF(AND(J8<>"",G8<>""),IF(AND(J8>=Setup!$C$5,J8<=Setup!$C$6),O8+P8,0),0) -> 0 | U8: =IF(T8>0,Q8+S8,0) -> 0 | V8: =Q8+S8-U8 -> 277083 | W8: =O8+P8-T8-V8 -> 2222917 | X8: =IF(T8>0,N(K8)-(O8+P8-Q8-S8),"") | Y8: =IF(AND(B8="",C8="",G8=""),"",IF(D8="","⚠ Pick category",IF(F8="","⚠ Enter put-to-use date",IF(G8="","⚠ Enter cost",IF(F8>Setup!$C$6,"Not yet in use",IF(AND(J8<>"",J8<F8),"⚠ Sale before put-to-use",IF(AND(J8<>"",J8<Setup!$C$5),"Sold in an earlier year",IF(N(I8)>G8,"⚠ Opening dep. more than cost",IF(T8>0,"Sold this year",IF(AND(N(L8)>0,W8<=N8+1),"Fully depreciated","✔ OK")))))))))) -> ✔ OK | Z8: =IF(F8="","",DATE(YEAR(F8)+IF(MONTH(F8)>=MONTH(Setup!$C$5),1,0),MONTH(Setup!$C$5),1)-1) -> 44286 | AA8: =IF(F8="","",(Z8-F8+1)/(Z8-DATE(YEAR(Z8+1)-1,MONTH(Setup!$C$5),1)+1)) -> 1 | AB8: =IF(F8="","",MAX(0,YEAR(Setup!$C$5)-YEAR(Z8+1))) -> 5 | AC8: =IF(D8="","",IFERROR(VLOOKUP(D8,'Rate Chart'!$A$6:$F$23,5,FALSE()),"")) -> Building – Others (10%) | AD8: =IF(P8>0,Setup!$C$6-F8+1,"") | AE8: =IF(D8="","",IF(H8="",Setup!$C$8,H8)) -> SLM
A9: =IF(AND(B9="",C9=""),"",ROW()-6) -> 3 | B9: FA-003 | C9: Factory shed | D9: Factory Buildings | E9: Factory | F9: 44392 | G9: 1800000 | H9: WDV | L9: =IF(D9="","",IFERROR(VLOOKUP(D9,'Rate Chart'!$A$6:$F$23,2,FALSE()),0)) -> 30 | M9: =IF(OR(L9="",N(L9)=0),0,IF(AE9="SLM",(1-Setup!$C$7)/L9,1-Setup!$C$7^(1/L9))) -> 0.095033853 | N9: =IF(G9="",0,ROUND(G9*Setup!$C$7,0)) -> 90000 | O9: =IF(OR(G9="",F9=""),0,IF(AND(F9<Setup!$C$5,OR(J9="",J9>=Setup!$C$5)),G9,0)) -> 1800000 | P9: =IF(OR(G9="",F9=""),0,IF(AND(F9>=Setup!$C$5,F9<=Setup!$C$6),G9,0)) -> 0 | Q9: =IF(O9=0,0,IF(I9<>"",I9,IF(N(L9)=0,0,ROUND(IF(AE9="SLM",MIN(G9-N9,(G9-N9)/L9*(AA9+AB9)),G9-MAX(N9,G9*(1-M9*AA9)*(1-M9)^AB9)),0)))) -> 674463 | R9: =IF(OR(F9="",G9=""),0,IF(OR(F9>Setup!$C$6,AND(J9<>"",J9<Setup!$C$5)),0,MAX(0,MIN(Setup!$C$6,IF(J9="",Setup!$C$6,J9))-MAX(Setup!$C$5,F9)+1))) -> 365 | S9: =IF(OR(N(L9)=0,R9=0),0,MAX(0,ROUND(MIN(IF(AE9="SLM",(G9-N9)/L9,(O9+P9-Q9)*M9)*R9/(Setup!$C$6-Setup!$C$5+1),O9+P9-Q9-N9),0))) -> 106964 | T9: =IF(AND(J9<>"",G9<>""),IF(AND(J9>=Setup!$C$5,J9<=Setup!$C$6),O9+P9,0),0) -> 0 | U9: =IF(T9>0,Q9+S9,0) -> 0 | V9: =Q9+S9-U9 -> 781427 | W9: =O9+P9-T9-V9 -> 1018573 | X9: =IF(T9>0,N(K9)-(O9+P9-Q9-S9),"") | Y9: =IF(AND(B9="",C9="",G9=""),"",IF(D9="","⚠ Pick category",IF(F9="","⚠ Enter put-to-use date",IF(G9="","⚠ Enter cost",IF(F9>Setup!$C$6,"Not yet in use",IF(AND(J9<>"",J9<F9),"⚠ Sale before put-to-use",IF(AND(J9<>"",J9<Setup!$C$5),"Sold in an earlier year",IF(N(I9)>G9,"⚠ Opening dep. more than cost",IF(T9>0,"Sold this year",IF(AND(N(L9)>0,W9<=N9+1),"Fully depreciated","✔ OK")))))))))) -> ✔ OK | Z9: =IF(F9="","",DATE(YEAR(F9)+IF(MONTH(F9)>=MONTH(Setup!$C$5),1,0),MONTH(Setup!$C$5),1)-1) -> 44651 | AA9: =IF(F9="","",(Z9-F9+1)/(Z9-DATE(YEAR(Z9+1)-1,MONTH(Setup!$C$5),1)+1)) -> 0.71232877 | AB9: =IF(F9="","",MAX(0,YEAR(Setup!$C$5)-YEAR(Z9+1))) -> 4 | AC9: =IF(D9="","",IFERROR(VLOOKUP(D9,'Rate Chart'!$A$6:$F$23,5,FALSE()),"")) -> Building – Others (10%) | AD9: =IF(P9>0,Setup!$C$6-F9+1,"") | AE9: =IF(D9="","",IF(H9="",Setup!$C$8,H9)) -> WDV
A10: =IF(AND(B10="",C10=""),"",ROW()-6) -> 4 | B10: FA-004 | C10: CNC machine | D10: Plant & Machinery (general) | E10: Factory | F10: 44844 | G10: 1200000 | H10: WDV | L10: =IF(D10="","",IFERROR(VLOOKUP(D10,'Rate Chart'!$A$6:$F$23,2,FALSE()),0)) -> 15 | M10: =IF(OR(L10="",N(L10)=0),0,IF(AE10="SLM",(1-Setup!$C$7)/L10,1-Setup!$C$7^(1/L10))) -> 0.18103627 | N10: =IF(G10="",0,ROUND(G10*Setup!$C$7,0)) -> 60000 | O10: =IF(OR(G10="",F10=""),0,IF(AND(F10<Setup!$C$5,OR(J10="",J10>=Setup!$C$5)),G10,0)) -> 1200000 | P10: =IF(OR(G10="",F10=""),0,IF(AND(F10>=Setup!$C$5,F10<=Setup!$C$6),G10,0)) -> 0 | Q10: =IF(O10=0,0,IF(I10<>"",I10,IF(N(L10)=0,0,ROUND(IF(AE10="SLM",MIN(G10-N10,(G10-N10)/L10*(AA10+AB10)),G10-MAX(N10,G10*(1-M10*AA10)*(1-M10)^AB10)),0)))) -> 597422 | R10: =IF(OR(F10="",G10=""),0,IF(OR(F10>Setup!$C$6,AND(J10<>"",J10<Setup!$C$5)),0,MAX(0,MIN(Setup!$C$6,IF(J10="",Setup!$C$6,J10))-MAX(Setup!$C$5,F10)+1))) -> 365 | S10: =IF(OR(N(L10)=0,R10=0),0,MAX(0,ROUND(MIN(IF(AE10="SLM",(G10-N10)/L10,(O10+P10-Q10)*M10)*R10/(Setup!$C$6-Setup!$C$5+1),O10+P10-Q10-N10),0))) -> 109088 | T10: =IF(AND(J10<>"",G10<>""),IF(AND(J10>=Setup!$C$5,J10<=Setup!$C$6),O10+P10,0),0) -> 0 | U10: =IF(T10>0,Q10+S10,0) -> 0 | V10: =Q10+S10-U10 -> 706510 | W10: =O10+P10-T10-V10 -> 493490 | X10: =IF(T10>0,N(K10)-(O10+P10-Q10-S10),"") | Y10: =IF(AND(B10="",C10="",G10=""),"",IF(D10="","⚠ Pick category",IF(F10="","⚠ Enter put-to-use date",IF(G10="","⚠ Enter cost",IF(F10>Setup!$C$6,"Not yet in use",IF(AND(J10<>"",J10<F10),"⚠ Sale before put-to-use",IF(AND(J10<>"",J10<Setup!$C$5),"Sold in an earlier year",IF(N(I10)>G10,"⚠ Opening dep. more than cost",IF(T10>0,"Sold this year",IF(AND(N(L10)>0,W10<=N10+1),"Fully depreciated","✔ OK")))))))))) -> ✔ OK | Z10: =IF(F10="","",DATE(YEAR(F10)+IF(MONTH(F10)>=MONTH(Setup!$C$5),1,0),MONTH(Setup!$C$5),1)-1) -> 45016 | AA10: =IF(F10="","",(Z10-F10+1)/(Z10-DATE(YEAR(Z10+1)-1,MONTH(Setup!$C$5),1)+1)) -> 0.4739726 | AB10: =IF(F10="","",MAX(0,YEAR(Setup!$C$5)-YEAR(Z10+1))) -> 3 | AC10: =IF(D10="","",IFERROR(VLOOKUP(D10,'Rate Chart'!$A$6:$F$23,5,FALSE()),"")) -> Plant & Machinery (15%) | AD10: =IF(P10>0,Setup!$C$6-F10+1,"") | AE10: =IF(D10="","",IF(H10="",Setup!$C$8,H10)) -> WDV
A11: =IF(AND(B11="",C11=""),"",ROW()-6) -> 5 | B11: FA-005 | C11: Packing machine | D11: Plant & Machinery (general) | E11: Factory | F11: 46193 | G11: 450000 | H11: WDV | L11: =IF(D11="","",IFERROR(VLOOKUP(D11,'Rate Chart'!$A$6:$F$23,2,FALSE()),0)) -> 15 | M11: =IF(OR(L11="",N(L11)=0),0,IF(AE11="SLM",(1-Setup!$C$7)/L11,1-Setup!$C$7^(1/L11))) -> 0.18103627 | N11: =IF(G11="",0,ROUND(G11*Setup!$C$7,0)) -> 22500 | O11: =IF(OR(G11="",F11=""),0,IF(AND(F11<Setup!$C$5,OR(J11="",J11>=Setup!$C$5)),G11,0)) -> 0 | P11: =IF(OR(G11="",F11=""),0,IF(AND(F11>=Setup!$C$5,F11<=Setup!$C$6),G11,0)) -> 450000 | Q11: =IF(O11=0,0,IF(I11<>"",I11,IF(N(L11)=0,0,ROUND(IF(AE11="SLM",MIN(G11-N11,(G11-N11)/L11*(AA11+AB11)),G11-MAX(N11,G11*(1-M11*AA11)*(1-M11)^AB11)),0)))) -> 0 | R11: =IF(OR(F11="",G11=""),0,IF(OR(F11>Setup!$C$6,AND(J11<>"",J11<Setup!$C$5)),0,MAX(0,MIN(Setup!$C$6,IF(J11="",Setup!$C$6,J11))-MAX(Setup!$C$5,F11)+1))) -> 285 | S11: =IF(OR(N(L11)=0,R11=0),0,MAX(0,ROUND(MIN(IF(AE11="SLM",(G11-N11)/L11,(O11+P11-Q11)*M11)*R11/(Setup!$C$6-Setup!$C$5+1),O11+P11-Q11-N11),0))) -> 63611 | T11: =IF(AND(J11<>"",G11<>""),IF(AND(J11>=Setup!$C$5,J11<=Setup!$C$6),O11+P11,0),0) -> 0 | U11: =IF(T11>0,Q11+S11,0) -> 0 | V11: =Q11+S11-U11 -> 63611 | W11: =O11+P11-T11-V11 -> 386389 | X11: =IF(T11>0,N(K11)-(O11+P11-Q11-S11),"") | Y11: =IF(AND(B11="",C11="",G11=""),"",IF(D11="","⚠ Pick category",IF(F11="","⚠ Enter put-to-use date",IF(G11="","⚠ Enter cost",IF(F11>Setup!$C$6,"Not yet in use",IF(AND(J11<>"",J11<F11),"⚠ Sale before put-to-use",IF(AND(J11<>"",J11<Setup!$C$5),"Sold in an earlier year",IF(N(I11)>G11,"⚠ Opening dep. more than cost",IF(T11>0,"Sold this year",IF(AND(N(L11)>0,W11<=N11+1),"Fully depreciated","✔ OK")))))))))) -> ✔ OK | Z11: =IF(F11="","",DATE(YEAR(F11)+IF(MONTH(F11)>=MONTH(Setup!$C$5),1,0),MONTH(Setup!$C$5),1)-1) -> 46477 | AA11: =IF(F11="","",(Z11-F11+1)/(Z11-DATE(YEAR(Z11+1)-1,MONTH(Setup!$C$5),1)+1)) -> 0.78082192 | AB11: =IF(F11="","",MAX(0,YEAR(Setup!$C$5)-YEAR(Z11+1))) -> 0 | AC11: =IF(D11="","",IFERROR(VLOOKUP(D11,'Rate Chart'!$A$6:$F$23,5,FALSE()),"")) -> Plant & Machinery (15%) | AD11: =IF(P11>0,Setup!$C$6-F11+1,"") -> 285 | AE11: =IF(D11="","",IF(H11="",Setup!$C$8,H11)) -> WDV
A12: =IF(AND(B12="",C12=""),"",ROW()-6) -> 6 | B12: FA-006 | C12: Office furniture | D12: Furniture & Fittings | E12: Head office | F12: 45139 | G12: 300000 | H12: WDV | L12: =IF(D12="","",IFERROR(VLOOKUP(D12,'Rate Chart'!$A$6:$F$23,2,FALSE()),0)) -> 10 | M12: =IF(OR(L12="",N(L12)=0),0,IF(AE12="SLM",(1-Setup!$C$7)/L12,1-Setup!$C$7^(1/L12))) -> 0.25886555 | N12: =IF(G12="",0,ROUND(G12*Setup!$C$7,0)) -> 15000 | O12: =IF(OR(G12="",F12=""),0,IF(AND(F12<Setup!$C$5,OR(J12="",J12>=Setup!$C$5)),G12,0)) -> 300000 | P12: =IF(OR(G12="",F12=""),0,IF(AND(F12>=Setup!$C$5,F12<=Setup!$C$6),G12,0)) -> 0 | Q12: =IF(O12=0,0,IF(I12<>"",I12,IF(N(L12)=0,0,ROUND(IF(AE12="SLM",MIN(G12-N12,(G12-N12)/L12*(AA12+AB12)),G12-MAX(N12,G12*(1-M12*AA12)*(1-M12)^AB12)),0)))) -> 163654 | R12: =IF(OR(F12="",G12=""),0,IF(OR(F12>Setup!$C$6,AND(J12<>"",J12<Setup!$C$5)),0,MAX(0,MIN(Setup!$C$6,IF(J12="",Setup!$C$6,J12))-MAX(Setup!$C$5,F12)+1))) -> 365 | S12: =IF(OR(N(L12)=0,R12=0),0,MAX(0,ROUND(MIN(IF(AE12="SLM",(G12-N12)/L12,(O12+P12-Q12)*M12)*R12/(Setup!$C$6-Setup!$C$5+1),O12+P12-Q12-N12),0))) -> 35295 | T12: =IF(AND(J12<>"",G12<>""),IF(AND(J12>=Setup!$C$5,J12<=Setup!$C$6),O12+P12,0),0) -> 0 | U12: =IF(T12>0,Q12+S12,0) -> 0 | V12: =Q12+S12-U12 -> 198949 | W12: =O12+P12-T12-V12 -> 101051 | X12: =IF(T12>0,N(K12)-(O12+P12-Q12-S12),"") | Y12: =IF(AND(B12="",C12="",G12=""),"",IF(D12="","⚠ Pick category",IF(F12="","⚠ Enter put-to-use date",IF(G12="","⚠ Enter cost",IF(F12>Setup!$C$6,"Not yet in use",IF(AND(J12<>"",J12<F12),"⚠ Sale before put-to-use",IF(AND(J12<>"",J12<Setup!$C$5),"Sold in an earlier year",IF(N(I12)>G12,"⚠ Opening dep. more than cost",IF(T12>0,"Sold this year",IF(AND(N(L12)>0,W12<=N12+1),"Fully depreciated","✔ OK")))))))))) -> ✔ OK | Z12: =IF(F12="","",DATE(YEAR(F12)+IF(MONTH(F12)>=MONTH(Setup!$C$5),1,0),MONTH(Setup!$C$5),1)-1) -> 45382 | AA12: =IF(F12="","",(Z12-F12+1)/(Z12-DATE(YEAR(Z12+1)-1,MONTH(Setup!$C$5),1)+1)) -> 0.66666667 | AB12: =IF(F12="","",MAX(0,YEAR(Setup!$C$5)-YEAR(Z12+1))) -> 2 | AC12: =IF(D12="","",IFERROR(VLOOKUP(D12,'Rate Chart'!$A$6:$F$23,5,FALSE()),"")) -> Furniture & Fittings (10%) | AD12: =IF(P12>0,Setup!$C$6-F12+1,"") | AE12: =IF(D12="","",IF(H12="",Setup!$C$8,H12)) -> WDV
A13: =IF(AND(B13="",C13=""),"",ROW()-6) -> 7 | B13: FA-007 | C13: Electrical wiring & fittings | D13: Electrical Installations | E13: Factory | F13: 45017 | G13: 180000 | H13: SLM | L13: =IF(D13="","",IFERROR(VLOOKUP(D13,'Rate Chart'!$A$6:$F$23,2,FALSE()),0)) -> 10 | M13: =IF(OR(L13="",N(L13)=0),0,IF(AE13="SLM",(1-Setup!$C$7)/L13,1-Setup!$C$7^(1/L13))) -> 0.095 | N13: =IF(G13="",0,ROUND(G13*Setup!$C$7,0)) -> 9000 | O13: =IF(OR(G13="",F13=""),0,IF(AND(F13<Setup!$C$5,OR(J13="",J13>=Setup!$C$5)),G13,0)) -> 180000 | P13: =IF(OR(G13="",F13=""),0,IF(AND(F13>=Setup!$C$5,F13<=Setup!$C$6),G13,0)) -> 0 | Q13: =IF(O13=0,0,IF(I13<>"",I13,IF(N(L13)=0,0,ROUND(IF(AE13="SLM",MIN(G13-N13,(G13-N13)/L13*(AA13+AB13)),G13-MAX(N13,G13*(1-M13*AA13)*(1-M13)^AB13)),0)))) -> 51300 | R13: =IF(OR(F13="",G13=""),0,IF(OR(F13>Setup!$C$6,AND(J13<>"",J13<Setup!$C$5)),0,MAX(0,MIN(Setup!$C$6,IF(J13="",Setup!$C$6,J13))-MAX(Setup!$C$5,F13)+1))) -> 365 | S13: =IF(OR(N(L13)=0,R13=0),0,MAX(0,ROUND(MIN(IF(AE13="SLM",(G13-N13)/L13,(O13+P13-Q13)*M13)*R13/(Setup!$C$6-Setup!$C$5+1),O13+P13-Q13-N13),0))) -> 17100 | T13: =IF(AND(J13<>"",G13<>""),IF(AND(J13>=Setup!$C$5,J13<=Setup!$C$6),O13+P13,0),0) -> 0 | U13: =IF(T13>0,Q13+S13,0) -> 0 | V13: =Q13+S13-U13 -> 68400 | W13: =O13+P13-T13-V13 -> 111600 | X13: =IF(T13>0,N(K13)-(O13+P13-Q13-S13),"") | Y13: =IF(AND(B13="",C13="",G13=""),"",IF(D13="","⚠ Pick category",IF(F13="","⚠ Enter put-to-use date",IF(G13="","⚠ Enter cost",IF(F13>Setup!$C$6,"Not yet in use",IF(AND(J13<>"",J13<F13),"⚠ Sale before put-to-use",IF(AND(J13<>"",J13<Setup!$C$5),"Sold in an earlier year",IF(N(I13)>G13,"⚠ Opening dep. more than cost",IF(T13>0,"Sold this year",IF(AND(N(L13)>0,W13<=N13+1),"Fully depreciated","✔ OK")))))))))) -> ✔ OK | Z13: =IF(F13="","",DATE(YEAR(F13)+IF(MONTH(F13)>=MONTH(Setup!$C$5),1,0),MONTH(Setup!$C$5),1)-1) -> 45382 | AA13: =IF(F13="","",(Z13-F13+1)/(Z13-DATE(YEAR(Z13+1)-1,MONTH(Setup!$C$5),1)+1)) -> 1 | AB13: =IF(F13="","",MAX(0,YEAR(Setup!$C$5)-YEAR(Z13+1))) -> 2 | AC13: =IF(D13="","",IFERROR(VLOOKUP(D13,'Rate Chart'!$A$6:$F$23,5,FALSE()),"")) -> Furniture & Fittings (10%) | AD13: =IF(P13>0,Setup!$C$6-F13+1,"") | AE13: =IF(D13="","",IF(H13="",Setup!$C$8,H13)) -> SLM
A14: =IF(AND(B14="",C14=""),"",ROW()-6) -> 8 | B14: FA-008 | C14: Laptops (5 nos.) | D14: Computers & Laptops | E14: Head office | F14: 46392 | G14: 325000 | H14: WDV | L14: =IF(D14="","",IFERROR(VLOOKUP(D14,'Rate Chart'!$A$6:$F$23,2,FALSE()),0)) -> 3 | M14: =IF(OR(L14="",N(L14)=0),0,IF(AE14="SLM",(1-Setup!$C$7)/L14,1-Setup!$C$7^(1/L14))) -> 0.63159685 | N14: =IF(G14="",0,ROUND(G14*Setup!$C$7,0)) -> 16250 | O14: =IF(OR(G14="",F14=""),0,IF(AND(F14<Setup!$C$5,OR(J14="",J14>=Setup!$C$5)),G14,0)) -> 0 | P14: =IF(OR(G14="",F14=""),0,IF(AND(F14>=Setup!$C$5,F14<=Setup!$C$6),G14,0)) -> 325000 | Q14: =IF(O14=0,0,IF(I14<>"",I14,IF(N(L14)=0,0,ROUND(IF(AE14="SLM",MIN(G14-N14,(G14-N14)/L14*(AA14+AB14)),G14-MAX(N14,G14*(1-M14*AA14)*(1-M14)^AB14)),0)))) -> 0 | R14: =IF(OR(F14="",G14=""),0,IF(OR(F14>Setup!$C$6,AND(J14<>"",J14<Setup!$C$5)),0,MAX(0,MIN(Setup!$C$6,IF(J14="",Setup!$C$6,J14))-MAX(Setup!$C$5,F14)+1))) -> 86 | S14: =IF(OR(N(L14)=0,R14=0),0,MAX(0,ROUND(MIN(IF(AE14="SLM",(G14-N14)/L14,(O14+P14-Q14)*M14)*R14/(Setup!$C$6-Setup!$C$5+1),O14+P14-Q14-N14),0))) -> 48365 | T14: =IF(AND(J14<>"",G14<>""),IF(AND(J14>=Setup!$C$5,J14<=Setup!$C$6),O14+P14,0),0) -> 0 | U14: =IF(T14>0,Q14+S14,0) -> 0 | V14: =Q14+S14-U14 -> 48365 | W14: =O14+P14-T14-V14 -> 276635 | X14: =IF(T14>0,N(K14)-(O14+P14-Q14-S14),"") | Y14: =IF(AND(B14="",C14="",G14=""),"",IF(D14="","⚠ Pick category",IF(F14="","⚠ Enter put-to-use date",IF(G14="","⚠ Enter cost",IF(F14>Setup!$C$6,"Not yet in use",IF(AND(J14<>"",J14<F14),"⚠ Sale before put-to-use",IF(AND(J14<>"",J14<Setup!$C$5),"Sold in an earlier year",IF(N(I14)>G14,"⚠ Opening dep. more than cost",IF(T14>0,"Sold this year",IF(AND(N(L14)>0,W14<=N14+1),"Fully depreciated","✔ OK")))))))))) -> ✔ OK | Z14: =IF(F14="","",DATE(YEAR(F14)+IF(MONTH(F14)>=MONTH(Setup!$C$5),1,0),MONTH(Setup!$C$5),1)-1) -> 46477 | AA14: =IF(F14="","",(Z14-F14+1)/(Z14-DATE(YEAR(Z14+1)-1,MONTH(Setup!$C$5),1)+1)) -> 0.23561644 | AB14: =IF(F14="","",MAX(0,YEAR(Setup!$C$5)-YEAR(Z14+1))) -> 0 | AC14: =IF(D14="","",IFERROR(VLOOKUP(D14,'Rate Chart'!$A$6:$F$23,5,FALSE()),"")) -> Computers & Software (40%) | AD14: =IF(P14>0,Setup!$C$6-F14+1,"") -> 86 | AE14: =IF(D14="","",IF(H14="",Setup!$C$8,H14)) -> WDV
A15: =IF(AND(B15="",C15=""),"",ROW()-6) -> 9 | B15: FA-009 | C15: Desktop computers (old) | D15: Computers & Laptops | E15: Head office | F15: 44682 | G15: 200000 | H15: WDV | J15: 46295 | K15: 15000 | L15: =IF(D15="","",IFERROR(VLOOKUP(D15,'Rate Chart'!$A$6:$F$23,2,FALSE()),0)) -> 3 | M15: =IF(OR(L15="",N(L15)=0),0,IF(AE15="SLM",(1-Setup!$C$7)/L15,1-Setup!$C$7^(1/L15))) -> 0.63159685 | N15: =IF(G15="",0,ROUND(G15*Setup!$C$7,0)) -> 10000 | O15: =IF(OR(G15="",F15=""),0,IF(AND(F15<Setup!$C$5,OR(J15="",J15>=Setup!$C$5)),G15,0)) -> 200000 | P15: =IF(OR(G15="",F15=""),0,IF(AND(F15>=Setup!$C$5,F15<=Setup!$C$6),G15,0)) -> 0 | Q15: =IF(O15=0,0,IF(I15<>"",I15,IF(N(L15)=0,0,ROUND(IF(AE15="SLM",MIN(G15-N15,(G15-N15)/L15*(AA15+AB15)),G15-MAX(N15,G15*(1-M15*AA15)*(1-M15)^AB15)),0)))) -> 190000 | R15: =IF(OR(F15="",G15=""),0,IF(OR(F15>Setup!$C$6,AND(J15<>"",J15<Setup!$C$5)),0,MAX(0,MIN(Setup!$C$6,IF(J15="",Setup!$C$6,J15))-MAX(Setup!$C$5,F15)+1))) -> 183 | S15: =IF(OR(N(L15)=0,R15=0),0,MAX(0,ROUND(MIN(IF(AE15="SLM",(G15-N15)/L15,(O15+P15-Q15)*M15)*R15/(Setup!$C$6-Setup!$C$5+1),O15+P15-Q15-N15),0))) -> 0 | T15: =IF(AND(J15<>"",G15<>""),IF(AND(J15>=Setup!$C$5,J15<=Setup!$C$6),O15+P15,0),0) -> 200000 | U15: =IF(T15>0,Q15+S15,0) -> 190000 | V15: =Q15+S15-U15 -> 0 | W15: =O15+P15-T15-V15 -> 0 | X15: =IF(T15>0,N(K15)-(O15+P15-Q15-S15),"") -> 5000 | Y15: =IF(AND(B15="",C15="",G15=""),"",IF(D15="","⚠ Pick category",IF(F15="","⚠ Enter put-to-use date",IF(G15="","⚠ Enter cost",IF(F15>Setup!$C$6,"Not yet in use",IF(AND(J15<>"",J15<F15),"⚠ Sale before put-to-use",IF(AND(J15<>"",J15<Setup!$C$5),"Sold in an earlier year",IF(N(I15)>G15,"⚠ Opening dep. more than cost",IF(T15>0,"Sold this year",IF(AND(N(L15)>0,W15<=N15+1),"Fully depreciated","✔ OK")))))))))) -> Sold this year | Z15: =IF(F15="","",DATE(YEAR(F15)+IF(MONTH(F15)>=MONTH(Setup!$C$5),1,0),MONTH(Setup!$C$5),1)-1) -> 45016 | AA15: =IF(F15="","",(Z15-F15+1)/(Z15-DATE(YEAR(Z15+1)-1,MONTH(Setup!$C$5),1)+1)) -> 0.91780822 | AB15: =IF(F15="","",MAX(0,YEAR(Setup!$C$5)-YEAR(Z15+1))) -> 3 | AC15: =IF(D15="","",IFERROR(VLOOKUP(D15,'Rate Chart'!$A$6:$F$23,5,FALSE()),"")) -> Computers & Software (40%) | AD15: =IF(P15>0,Setup!$C$6-F15+1,"") | AE15: =IF(D15="","",IF(H15="",Setup!$C$8,H15)) -> WDV
A16: =IF(AND(B16="",C16=""),"",ROW()-6) -> 10 | B16: FA-010 | C16: Air conditioners | D16: Office Equipment | E16: Head office | F16: 45394 | G16: 240000 | H16: WDV | L16: =IF(D16="","",IFERROR(VLOOKUP(D16,'Rate Chart'!$A$6:$F$23,2,FALSE()),0)) -> 5 | M16: =IF(OR(L16="",N(L16)=0),0,IF(AE16="SLM",(1-Setup!$C$7)/L16,1-Setup!$C$7^(1/L16))) -> 0.45071973 | N16: =IF(G16="",0,ROUND(G16*Setup!$C$7,0)) -> 12000 | O16: =IF(OR(G16="",F16=""),0,IF(AND(F16<Setup!$C$5,OR(J16="",J16>=Setup!$C$5)),G16,0)) -> 240000 | P16: =IF(OR(G16="",F16=""),0,IF(AND(F16>=Setup!$C$5,F16<=Setup!$C$6),G16,0)) -> 0 | Q16: =IF(O16=0,0,IF(I16<>"",I16,IF(N(L16)=0,0,ROUND(IF(AE16="SLM",MIN(G16-N16,(G16-N16)/L16*(AA16+AB16)),G16-MAX(N16,G16*(1-M16*AA16)*(1-M16)^AB16)),0)))) -> 165799 | R16: =IF(OR(F16="",G16=""),0,IF(OR(F16>Setup!$C$6,AND(J16<>"",J16<Setup!$C$5)),0,MAX(0,MIN(Setup!$C$6,IF(J16="",Setup!$C$6,J16))-MAX(Setup!$C$5,F16)+1))) -> 365 | S16: =IF(OR(N(L16)=0,R16=0),0,MAX(0,ROUND(MIN(IF(AE16="SLM",(G16-N16)/L16,(O16+P16-Q16)*M16)*R16/(Setup!$C$6-Setup!$C$5+1),O16+P16-Q16-N16),0))) -> 33444 | T16: =IF(AND(J16<>"",G16<>""),IF(AND(J16>=Setup!$C$5,J16<=Setup!$C$6),O16+P16,0),0) -> 0 | U16: =IF(T16>0,Q16+S16,0) -> 0 | V16: =Q16+S16-U16 -> 199243 | W16: =O16+P16-T16-V16 -> 40757 | X16: =IF(T16>0,N(K16)-(O16+P16-Q16-S16),"") | Y16: =IF(AND(B16="",C16="",G16=""),"",IF(D16="","⚠ Pick category",IF(F16="","⚠ Enter put-to-use date",IF(G16="","⚠ Enter cost",IF(F16>Setup!$C$6,"Not yet in use",IF(AND(J16<>"",J16<F16),"⚠ Sale before put-to-use",IF(AND(J16<>"",J16<Setup!$C$5),"Sold in an earlier year",IF(N(I16)>G16,"⚠ Opening dep. more than cost",IF(T16>0,"Sold this year",IF(AND(N(L16)>0,W16<=N16+1),"Fully depreciated","✔ OK")))))))))) -> ✔ OK | Z16: =IF(F16="","",DATE(YEAR(F16)+IF(MONTH(F16)>=MONTH(Setup!$C$5),1,0),MONTH(Setup!$C$5),1)-1) -> 45747 | AA16: =IF(F16="","",(Z16-F16+1)/(Z16-DATE(YEAR(Z16+1)-1,MONTH(Setup!$C$5),1)+1)) -> 0.96986301 | AB16: =IF(F16="","",MAX(0,YEAR(Setup!$C$5)-YEAR(Z16+1))) -> 1 | AC16: =IF(D16="","",IFERROR(VLOOKUP(D16,'Rate Chart'!$A$6:$F$23,5,FALSE()),"")) -> Plant & Machinery (15%) | AD16: =IF(P16>0,Setup!$C$6-F16+1,"") | AE16: =IF(D16="","",IF(H16="",Setup!$C$8,H16)) -> WDV
A17: =IF(AND(B17="",C17=""),"",ROW()-6) -> 11 | B17: FA-011 | C17: Company car | D17: Motor Cars (not on hire) | E17: Head office | F17: 45621 | G17: 950000 | H17: WDV | L17: =IF(D17="","",IFERROR(VLOOKUP(D17,'Rate Chart'!$A$6:$F$23,2,FALSE()),0)) -> 8 | M17: =IF(OR(L17="",N(L17)=0),0,IF(AE17="SLM",(1-Setup!$C$7)/L17,1-Setup!$C$7^(1/L17))) -> 0.31234398 | N17: =IF(G17="",0,ROUND(G17*Setup!$C$7,0)) -> 47500 | O17: =IF(OR(G17="",F17=""),0,IF(AND(F17<Setup!$C$5,OR(J17="",J17>=Setup!$C$5)),G17,0)) -> 950000 | P17: =IF(OR(G17="",F17=""),0,IF(AND(F17>=Setup!$C$5,F17<=Setup!$C$6),G17,0)) -> 0 | Q17: =IF(O17=0,0,IF(I17<>"",I17,IF(N(L17)=0,0,ROUND(IF(AE17="SLM",MIN(G17-N17,(G17-N17)/L17*(AA17+AB17)),G17-MAX(N17,G17*(1-M17*AA17)*(1-M17)^AB17)),0)))) -> 367724 | R17: =IF(OR(F17="",G17=""),0,IF(OR(F17>Setup!$C$6,AND(J17<>"",J17<Setup!$C$5)),0,MAX(0,MIN(Setup!$C$6,IF(J17="",Setup!$C$6,J17))-MAX(Setup!$C$5,F17)+1))) -> 365 | S17: =IF(OR(N(L17)=0,R17=0),0,MAX(0,ROUND(MIN(IF(AE17="SLM",(G17-N17)/L17,(O17+P17-Q17)*M17)*R17/(Setup!$C$6-Setup!$C$5+1),O17+P17-Q17-N17),0))) -> 181870 | T17: =IF(AND(J17<>"",G17<>""),IF(AND(J17>=Setup!$C$5,J17<=Setup!$C$6),O17+P17,0),0) -> 0 | U17: =IF(T17>0,Q17+S17,0) -> 0 | V17: =Q17+S17-U17 -> 549594 | W17: =O17+P17-T17-V17 -> 400406 | X17: =IF(T17>0,N(K17)-(O17+P17-Q17-S17),"") | Y17: =IF(AND(B17="",C17="",G17=""),"",IF(D17="","⚠ Pick category",IF(F17="","⚠ Enter put-to-use date",IF(G17="","⚠ Enter cost",IF(F17>Setup!$C$6,"Not yet in use",IF(AND(J17<>"",J17<F17),"⚠ Sale before put-to-use",IF(AND(J17<>"",J17<Setup!$C$5),"Sold in an earlier year",IF(N(I17)>G17,"⚠ Opening dep. more than cost",IF(T17>0,"Sold this year",IF(AND(N(L17)>0,W17<=N17+1),"Fully depreciated","✔ OK")))))))))) -> ✔ OK | Z17: =IF(F17="","",DATE(YEAR(F17)+IF(MONTH(F17)>=MONTH(Setup!$C$5),1,0),MONTH(Setup!$C$5),1)-1) -> 45747 | AA17: =IF(F17="","",(Z17-F17+1)/(Z17-DATE(YEAR(Z17+1)-1,MONTH(Setup!$C$5),1)+1)) -> 0.34794521 | AB17: =IF(F17="","",MAX(0,YEAR(Setup!$C$5)-YEAR(Z17+1))) -> 1 | AC17: =IF(D17="","",IFERROR(VLOOKUP(D17,'Rate Chart'!$A$6:$F$23,5,FALSE()),"")) -> Plant & Machinery (15%) | AD17: =IF(P17>0,Setup!$C$6-F17+1,"") | AE17: =IF(D17="","",IF(H17="",Setup!$C$8,H17)) -> WDV
A18: =IF(AND(B18="",C18=""),"",ROW()-6) -> 12 | B18: FA-012 | C18: Delivery truck (given on hire) | D18: Commercial Vehicles (on hire) | E18: Transport | F18: 46296 | G18: 2200000 | H18: WDV | L18: =IF(D18="","",IFERROR(VLOOKUP(D18,'Rate Chart'!$A$6:$F$23,2,FALSE()),0)) -> 6 | M18: =IF(OR(L18="",N(L18)=0),0,IF(AE18="SLM",(1-Setup!$C$7)/L18,1-Setup!$C$7^(1/L18))) -> 0.39303777 | N18: =IF(G18="",0,ROUND(G18*Setup!$C$7,0)) -> 110000 | O18: =IF(OR(G18="",F18=""),0,IF(AND(F18<Setup!$C$5,OR(J18="",J18>=Setup!$C$5)),G18,0)) -> 0 | P18: =IF(OR(G18="",F18=""),0,IF(AND(F18>=Setup!$C$5,F18<=Setup!$C$6),G18,0)) -> 2200000 | Q18: =IF(O18=0,0,IF(I18<>"",I18,IF(N(L18)=0,0,ROUND(IF(AE18="SLM",MIN(G18-N18,(G18-N18)/L18*(AA18+AB18)),G18-MAX(N18,G18*(1-M18*AA18)*(1-M18)^AB18)),0)))) -> 0 | R18: =IF(OR(F18="",G18=""),0,IF(OR(F18>Setup!$C$6,AND(J18<>"",J18<Setup!$C$5)),0,MAX(0,MIN(Setup!$C$6,IF(J18="",Setup!$C$6,J18))-MAX(Setup!$C$5,F18)+1))) -> 182 | S18: =IF(OR(N(L18)=0,R18=0),0,MAX(0,ROUND(MIN(IF(AE18="SLM",(G18-N18)/L18,(O18+P18-Q18)*M18)*R18/(Setup!$C$6-Setup!$C$5+1),O18+P18-Q18-N18),0))) -> 431157 | T18: =IF(AND(J18<>"",G18<>""),IF(AND(J18>=Setup!$C$5,J18<=Setup!$C$6),O18+P18,0),0) -> 0 | U18: =IF(T18>0,Q18+S18,0) -> 0 | V18: =Q18+S18-U18 -> 431157 | W18: =O18+P18-T18-V18 -> 1768843 | X18: =IF(T18>0,N(K18)-(O18+P18-Q18-S18),"") | Y18: =IF(AND(B18="",C18="",G18=""),"",IF(D18="","⚠ Pick category",IF(F18="","⚠ Enter put-to-use date",IF(G18="","⚠ Enter cost",IF(F18>Setup!$C$6,"Not yet in use",IF(AND(J18<>"",J18<F18),"⚠ Sale before put-to-use",IF(AND(J18<>"",J18<Setup!$C$5),"Sold in an earlier year",IF(N(I18)>G18,"⚠ Opening dep. more than cost",IF(T18>0,"Sold this year",IF(AND(N(L18)>0,W18<=N18+1),"Fully depreciated","✔ OK")))))))))) -> ✔ OK | Z18: =IF(F18="","",DATE(YEAR(F18)+IF(MONTH(F18)>=MONTH(Setup!$C$5),1,0),MONTH(Setup!$C$5),1)-1) -> 46477 | AA18: =IF(F18="","",(Z18-F18+1)/(Z18-DATE(YEAR(Z18+1)-1,MONTH(Setup!$C$5),1)+1)) -> 0.49863014 | AB18: =IF(F18="","",MAX(0,YEAR(Setup!$C$5)-YEAR(Z18+1))) -> 0 | AC18: =IF(D18="","",IFERROR(VLOOKUP(D18,'Rate Chart'!$A$6:$F$23,5,FALSE()),"")) -> Vehicles on Hire (30%) | AD18: =IF(P18>0,Setup!$C$6-F18+1,"") -> 182 | AE18: =IF(D18="","",IF(H18="",Setup!$C$8,H18)) -> WDV
A19: =IF(AND(B19="",C19=""),"",ROW()-6) | L19: =IF(D19="","",IFERROR(VLOOKUP(D19,'Rate Chart'!$A$6:$F$23,2,FALSE()),0)) | M19: =IF(OR(L19="",N(L19)=0),0,IF(AE19="SLM",(1-Setup!$C$7)/L19,1-Setup!$C$7^(1/L19))) -> 0 | N19: =IF(G19="",0,ROUND(G19*Setup!$C$7,0)) -> 0 | O19: =IF(OR(G19="",F19=""),0,IF(AND(F19<Setup!$C$5,OR(J19="",J19>=Setup!$C$5)),G19,0)) -> 0 | P19: =IF(OR(G19="",F19=""),0,IF(AND(F19>=Setup!$C$5,F19<=Setup!$C$6),G19,0)) -> 0 | Q19: =IF(O19=0,0,IF(I19<>"",I19,IF(N(L19)=0,0,ROUND(IF(AE19="SLM",MIN(G19-N19,(G19-N19)/L19*(AA19+AB19)),G19-MAX(N19,G19*(1-M19*AA19)*(1-M19)^AB19)),0)))) -> 0 | R19: =IF(OR(F19="",G19=""),0,IF(OR(F19>Setup!$C$6,AND(J19<>"",J19<Setup!$C$5)),0,MAX(0,MIN(Setup!$C$6,IF(J19="",Setup!$C$6,J19))-MAX(Setup!$C$5,F19)+1))) -> 0 | S19: =IF(OR(N(L19)=0,R19=0),0,MAX(0,ROUND(MIN(IF(AE19="SLM",(G19-N19)/L19,(O19+P19-Q19)*M19)*R19/(Setup!$C$6-Setup!$C$5+1),O19+P19-Q19-N19),0))) -> 0 | T19: =IF(AND(J19<>"",G19<>""),IF(AND(J19>=Setup!$C$5,J19<=Setup!$C$6),O19+P19,0),0) -> 0 | U19: =IF(T19>0,Q19+S19,0) -> 0 | V19: =Q19+S19-U19 -> 0 | W19: =O19+P19-T19-V19 -> 0 | X19: =IF(T19>0,N(K19)-(O19+P19-Q19-S19),"") | Y19: =IF(AND(B19="",C19="",G19=""),"",IF(D19="","⚠ Pick category",IF(F19="","⚠ Enter put-to-use date",IF(G19="","⚠ Enter cost",IF(F19>Setup!$C$6,"Not yet in use",IF(AND(J19<>"",J19<F19),"⚠ Sale before put-to-use",IF(AND(J19<>"",J19<Setup!$C$5),"Sold in an earlier year",IF(N(I19)>G19,"⚠ Opening dep. more than cost",IF(T19>0,"Sold this year",IF(AND(N(L19)>0,W19<=N19+1),"Fully depreciated","✔ OK")))))))))) | Z19: =IF(F19="","",DATE(YEAR(F19)+IF(MONTH(F19)>=MONTH(Setup!$C$5),1,0),MONTH(Setup!$C$5),1)-1) | AA19: =IF(F19="","",(Z19-F19+1)/(Z19-DATE(YEAR(Z19+1)-1,MONTH(Setup!$C$5),1)+1)) | AB19: =IF(F19="","",MAX(0,YEAR(Setup!$C$5)-YEAR(Z19+1))) | AC19: =IF(D19="","",IFERROR(VLOOKUP(D19,'Rate Chart'!$A$6:$F$23,5,FALSE()),"")) | AD19: =IF(P19>0,Setup!$C$6-F19+1,"") | AE19: =IF(D19="","",IF(H19="",Setup!$C$8,H19))
A20: =IF(AND(B20="",C20=""),"",ROW()-6) | L20: =IF(D20="","",IFERROR(VLOOKUP(D20,'Rate Chart'!$A$6:$F$23,2,FALSE()),0)) | M20: =IF(OR(L20="",N(L20)=0),0,IF(AE20="SLM",(1-Setup!$C$7)/L20,1-Setup!$C$7^(1/L20))) -> 0 | N20: =IF(G20="",0,ROUND(G20*Setup!$C$7,0)) -> 0 | O20: =IF(OR(G20="",F20=""),0,IF(AND(F20<Setup!$C$5,OR(J20="",J20>=Setup!$C$5)),G20,0)) -> 0 | P20: =IF(OR(G20="",F20=""),0,IF(AND(F20>=Setup!$C$5,F20<=Setup!$C$6),G20,0)) -> 0 | Q20: =IF(O20=0,0,IF(I20<>"",I20,IF(N(L20)=0,0,ROUND(IF(AE20="SLM",MIN(G20-N20,(G20-N20)/L20*(AA20+AB20)),G20-MAX(N20,G20*(1-M20*AA20)*(1-M20)^AB20)),0)))) -> 0 | R20: =IF(OR(F20="",G20=""),0,IF(OR(F20>Setup!$C$6,AND(J20<>"",J20<Setup!$C$5)),0,MAX(0,MIN(Setup!$C$6,IF(J20="",Setup!$C$6,J20))-MAX(Setup!$C$5,F20)+1))) -> 0 | S20: =IF(OR(N(L20)=0,R20=0),0,MAX(0,ROUND(MIN(IF(AE20="SLM",(G20-N20)/L20,(O20+P20-Q20)*M20)*R20/(Setup!$C$6-Setup!$C$5+1),O20+P20-Q20-N20),0))) -> 0 | T20: =IF(AND(J20<>"",G20<>""),IF(AND(J20>=Setup!$C$5,J20<=Setup!$C$6),O20+P20,0),0) -> 0 | U20: =IF(T20>0,Q20+S20,0) -> 0 | V20: =Q20+S20-U20 -> 0 | W20: =O20+P20-T20-V20 -> 0 | X20: =IF(T20>0,N(K20)-(O20+P20-Q20-S20),"") | Y20: =IF(AND(B20="",C20="",G20=""),"",IF(D20="","⚠ Pick category",IF(F20="","⚠ Enter put-to-use date",IF(G20="","⚠ Enter cost",IF(F20>Setup!$C$6,"Not yet in use",IF(AND(J20<>"",J20<F20),"⚠ Sale before put-to-use",IF(AND(J20<>"",J20<Setup!$C$5),"Sold in an earlier year",IF(N(I20)>G20,"⚠ Opening dep. more than cost",IF(T20>0,"Sold this year",IF(AND(N(L20)>0,W20<=N20+1),"Fully depreciated","✔ OK")))))))))) | Z20: =IF(F20="","",DATE(YEAR(F20)+IF(MONTH(F20)>=MONTH(Setup!$C$5),1,0),MONTH(Setup!$C$5),1)-1) | AA20: =IF(F20="","",(Z20-F20+1)/(Z20-DATE(YEAR(Z20+1)-1,MONTH(Setup!$C$5),1)+1)) | AB20: =IF(F20="","",MAX(0,YEAR(Setup!$C$5)-YEAR(Z20+1))) | AC20: =IF(D20="","",IFERROR(VLOOKUP(D20,'Rate Chart'!$A$6:$F$23,5,FALSE()),"")) | AD20: =IF(P20>0,Setup!$C$6-F20+1,"") | AE20: =IF(D20="","",IF(H20="",Setup!$C$8,H20))
A21: =IF(AND(B21="",C21=""),"",ROW()-6) | L21: =IF(D21="","",IFERROR(VLOOKUP(D21,'Rate Chart'!$A$6:$F$23,2,FALSE()),0)) | M21: =IF(OR(L21="",N(L21)=0),0,IF(AE21="SLM",(1-Setup!$C$7)/L21,1-Setup!$C$7^(1/L21))) -> 0 | N21: =IF(G21="",0,ROUND(G21*Setup!$C$7,0)) -> 0 | O21: =IF(OR(G21="",F21=""),0,IF(AND(F21<Setup!$C$5,OR(J21="",J21>=Setup!$C$5)),G21,0)) -> 0 | P21: =IF(OR(G21="",F21=""),0,IF(AND(F21>=Setup!$C$5,F21<=Setup!$C$6),G21,0)) -> 0 | Q21: =IF(O21=0,0,IF(I21<>"",I21,IF(N(L21)=0,0,ROUND(IF(AE21="SLM",MIN(G21-N21,(G21-N21)/L21*(AA21+AB21)),G21-MAX(N21,G21*(1-M21*AA21)*(1-M21)^AB21)),0)))) -> 0 | R21: =IF(OR(F21="",G21=""),0,IF(OR(F21>Setup!$C$6,AND(J21<>"",J21<Setup!$C$5)),0,MAX(0,MIN(Setup!$C$6,IF(J21="",Setup!$C$6,J21))-MAX(Setup!$C$5,F21)+1))) -> 0 | S21: =IF(OR(N(L21)=0,R21=0),0,MAX(0,ROUND(MIN(IF(AE21="SLM",(G21-N21)/L21,(O21+P21-Q21)*M21)*R21/(Setup!$C$6-Setup!$C$5+1),O21+P21-Q21-N21),0))) -> 0 | T21: =IF(AND(J21<>"",G21<>""),IF(AND(J21>=Setup!$C$5,J21<=Setup!$C$6),O21+P21,0),0) -> 0 | U21: =IF(T21>0,Q21+S21,0) -> 0 | V21: =Q21+S21-U21 -> 0 | W21: =O21+P21-T21-V21 -> 0 | X21: =IF(T21>0,N(K21)-(O21+P21-Q21-S21),"") | Y21: =IF(AND(B21="",C21="",G21=""),"",IF(D21="","⚠ Pick category",IF(F21="","⚠ Enter put-to-use date",IF(G21="","⚠ Enter cost",IF(F21>Setup!$C$6,"Not yet in use",IF(AND(J21<>"",J21<F21),"⚠ Sale before put-to-use",IF(AND(J21<>"",J21<Setup!$C$5),"Sold in an earlier year",IF(N(I21)>G21,"⚠ Opening dep. more than cost",IF(T21>0,"Sold this year",IF(AND(N(L21)>0,W21<=N21+1),"Fully depreciated","✔ OK")))))))))) | Z21: =IF(F21="","",DATE(YEAR(F21)+IF(MONTH(F21)>=MONTH(Setup!$C$5),1,0),MONTH(Setup!$C$5),1)-1) | AA21: =IF(F21="","",(Z21-F21+1)/(Z21-DATE(YEAR(Z21+1)-1,MONTH(Setup!$C$5),1)+1)) | AB21: =IF(F21="","",MAX(0,YEAR(Setup!$C$5)-YEAR(Z21+1))) | AC21: =IF(D21="","",IFERROR(VLOOKUP(D21,'Rate Chart'!$A$6:$F$23,5,FALSE()),"")) | AD21: =IF(P21>0,Setup!$C$6-F21+1,"") | AE21: =IF(D21="","",IF(H21="",Setup!$C$8,H21))
A22: =IF(AND(B22="",C22=""),"",ROW()-6) | L22: =IF(D22="","",IFERROR(VLOOKUP(D22,'Rate Chart'!$A$6:$F$23,2,FALSE()),0)) | M22: =IF(OR(L22="",N(L22)=0),0,IF(AE22="SLM",(1-Setup!$C$7)/L22,1-Setup!$C$7^(1/L22))) -> 0 | N22: =IF(G22="",0,ROUND(G22*Setup!$C$7,0)) -> 0 | O22: =IF(OR(G22="",F22=""),0,IF(AND(F22<Setup!$C$5,OR(J22="",J22>=Setup!$C$5)),G22,0)) -> 0 | P22: =IF(OR(G22="",F22=""),0,IF(AND(F22>=Setup!$C$5,F22<=Setup!$C$6),G22,0)) -> 0 | Q22: =IF(O22=0,0,IF(I22<>"",I22,IF(N(L22)=0,0,ROUND(IF(AE22="SLM",MIN(G22-N22,(G22-N22)/L22*(AA22+AB22)),G22-MAX(N22,G22*(1-M22*AA22)*(1-M22)^AB22)),0)))) -> 0 | R22: =IF(OR(F22="",G22=""),0,IF(OR(F22>Setup!$C$6,AND(J22<>"",J22<Setup!$C$5)),0,MAX(0,MIN(Setup!$C$6,IF(J22="",Setup!$C$6,J22))-MAX(Setup!$C$5,F22)+1))) -> 0 | S22: =IF(OR(N(L22)=0,R22=0),0,MAX(0,ROUND(MIN(IF(AE22="SLM",(G22-N22)/L22,(O22+P22-Q22)*M22)*R22/(Setup!$C$6-Setup!$C$5+1),O22+P22-Q22-N22),0))) -> 0 | T22: =IF(AND(J22<>"",G22<>""),IF(AND(J22>=Setup!$C$5,J22<=Setup!$C$6),O22+P22,0),0) -> 0 | U22: =IF(T22>0,Q22+S22,0) -> 0 | V22: =Q22+S22-U22 -> 0 | W22: =O22+P22-T22-V22 -> 0 | X22: =IF(T22>0,N(K22)-(O22+P22-Q22-S22),"") | Y22: =IF(AND(B22="",C22="",G22=""),"",IF(D22="","⚠ Pick category",IF(F22="","⚠ Enter put-to-use date",IF(G22="","⚠ Enter cost",IF(F22>Setup!$C$6,"Not yet in use",IF(AND(J22<>"",J22<F22),"⚠ Sale before put-to-use",IF(AND(J22<>"",J22<Setup!$C$5),"Sold in an earlier year",IF(N(I22)>G22,"⚠ Opening dep. more than cost",IF(T22>0,"Sold this year",IF(AND(N(L22)>0,W22<=N22+1),"Fully depreciated","✔ OK")))))))))) | Z22: =IF(F22="","",DATE(YEAR(F22)+IF(MONTH(F22)>=MONTH(Setup!$C$5),1,0),MONTH(Setup!$C$5),1)-1) | AA22: =IF(F22="","",(Z22-F22+1)/(Z22-DATE(YEAR(Z22+1)-1,MONTH(Setup!$C$5),1)+1)) | AB22: =IF(F22="","",MAX(0,YEAR(Setup!$C$5)-YEAR(Z22+1))) | AC22: =IF(D22="","",IFERROR(VLOOKUP(D22,'Rate Chart'!$A$6:$F$23,5,FALSE()),"")) | AD22: =IF(P22>0,Setup!$C$6-F22+1,"") | AE22: =IF(D22="","",IF(H22="",Setup!$C$8,H22))
A23: =IF(AND(B23="",C23=""),"",ROW()-6) | L23: =IF(D23="","",IFERROR(VLOOKUP(D23,'Rate Chart'!$A$6:$F$23,2,FALSE()),0)) | M23: =IF(OR(L23="",N(L23)=0),0,IF(AE23="SLM",(1-Setup!$C$7)/L23,1-Setup!$C$7^(1/L23))) -> 0 | N23: =IF(G23="",0,ROUND(G23*Setup!$C$7,0)) -> 0 | O23: =IF(OR(G23="",F23=""),0,IF(AND(F23<Setup!$C$5,OR(J23="",J23>=Setup!$C$5)),G23,0)) -> 0 | P23: =IF(OR(G23="",F23=""),0,IF(AND(F23>=Setup!$C$5,F23<=Setup!$C$6),G23,0)) -> 0 | Q23: =IF(O23=0,0,IF(I23<>"",I23,IF(N(L23)=0,0,ROUND(IF(AE23="SLM",MIN(G23-N23,(G23-N23)/L23*(AA23+AB23)),G23-MAX(N23,G23*(1-M23*AA23)*(1-M23)^AB23)),0)))) -> 0 | R23: =IF(OR(F23="",G23=""),0,IF(OR(F23>Setup!$C$6,AND(J23<>"",J23<Setup!$C$5)),0,MAX(0,MIN(Setup!$C$6,IF(J23="",Setup!$C$6,J23))-MAX(Setup!$C$5,F23)+1))) -> 0 | S23: =IF(OR(N(L23)=0,R23=0),0,MAX(0,ROUND(MIN(IF(AE23="SLM",(G23-N23)/L23,(O23+P23-Q23)*M23)*R23/(Setup!$C$6-Setup!$C$5+1),O23+P23-Q23-N23),0))) -> 0 | T23: =IF(AND(J23<>"",G23<>""),IF(AND(J23>=Setup!$C$5,J23<=Setup!$C$6),O23+P23,0),0) -> 0 | U23: =IF(T23>0,Q23+S23,0) -> 0 | V23: =Q23+S23-U23 -> 0 | W23: =O23+P23-T23-V23 -> 0 | X23: =IF(T23>0,N(K23)-(O23+P23-Q23-S23),"") | Y23: =IF(AND(B23="",C23="",G23=""),"",IF(D23="","⚠ Pick category",IF(F23="","⚠ Enter put-to-use date",IF(G23="","⚠ Enter cost",IF(F23>Setup!$C$6,"Not yet in use",IF(AND(J23<>"",J23<F23),"⚠ Sale before put-to-use",IF(AND(J23<>"",J23<Setup!$C$5),"Sold in an earlier year",IF(N(I23)>G23,"⚠ Opening dep. more than cost",IF(T23>0,"Sold this year",IF(AND(N(L23)>0,W23<=N23+1),"Fully depreciated","✔ OK")))))))))) | Z23: =IF(F23="","",DATE(YEAR(F23)+IF(MONTH(F23)>=MONTH(Setup!$C$5),1,0),MONTH(Setup!$C$5),1)-1) | AA23: =IF(F23="","",(Z23-F23+1)/(Z23-DATE(YEAR(Z23+1)-1,MONTH(Setup!$C$5),1)+1)) | AB23: =IF(F23="","",MAX(0,YEAR(Setup!$C$5)-YEAR(Z23+1))) | AC23: =IF(D23="","",IFERROR(VLOOKUP(D23,'Rate Chart'!$A$6:$F$23,5,FALSE()),"")) | AD23: =IF(P23>0,Setup!$C$6-F23+1,"") | AE23: =IF(D23="","",IF(H23="",Setup!$C$8,H23))
A24: =IF(AND(B24="",C24=""),"",ROW()-6) | L24: =IF(D24="","",IFERROR(VLOOKUP(D24,'Rate Chart'!$A$6:$F$23,2,FALSE()),0)) | M24: =IF(OR(L24="",N(L24)=0),0,IF(AE24="SLM",(1-Setup!$C$7)/L24,1-Setup!$C$7^(1/L24))) -> 0 | N24: =IF(G24="",0,ROUND(G24*Setup!$C$7,0)) -> 0 | O24: =IF(OR(G24="",F24=""),0,IF(AND(F24<Setup!$C$5,OR(J24="",J24>=Setup!$C$5)),G24,0)) -> 0 | P24: =IF(OR(G24="",F24=""),0,IF(AND(F24>=Setup!$C$5,F24<=Setup!$C$6),G24,0)) -> 0 | Q24: =IF(O24=0,0,IF(I24<>"",I24,IF(N(L24)=0,0,ROUND(IF(AE24="SLM",MIN(G24-N24,(G24-N24)/L24*(AA24+AB24)),G24-MAX(N24,G24*(1-M24*AA24)*(1-M24)^AB24)),0)))) -> 0 | R24: =IF(OR(F24="",G24=""),0,IF(OR(F24>Setup!$C$6,AND(J24<>"",J24<Setup!$C$5)),0,MAX(0,MIN(Setup!$C$6,IF(J24="",Setup!$C$6,J24))-MAX(Setup!$C$5,F24)+1))) -> 0 | S24: =IF(OR(N(L24)=0,R24=0),0,MAX(0,ROUND(MIN(IF(AE24="SLM",(G24-N24)/L24,(O24+P24-Q24)*M24)*R24/(Setup!$C$6-Setup!$C$5+1),O24+P24-Q24-N24),0))) -> 0 | T24: =IF(AND(J24<>"",G24<>""),IF(AND(J24>=Setup!$C$5,J24<=Setup!$C$6),O24+P24,0),0) -> 0 | U24: =IF(T24>0,Q24+S24,0) -> 0 | V24: =Q24+S24-U24 -> 0 | W24: =O24+P24-T24-V24 -> 0 | X24: =IF(T24>0,N(K24)-(O24+P24-Q24-S24),"") | Y24: =IF(AND(B24="",C24="",G24=""),"",IF(D24="","⚠ Pick category",IF(F24="","⚠ Enter put-to-use date",IF(G24="","⚠ Enter cost",IF(F24>Setup!$C$6,"Not yet in use",IF(AND(J24<>"",J24<F24),"⚠ Sale before put-to-use",IF(AND(J24<>"",J24<Setup!$C$5),"Sold in an earlier year",IF(N(I24)>G24,"⚠ Opening dep. more than cost",IF(T24>0,"Sold this year",IF(AND(N(L24)>0,W24<=N24+1),"Fully depreciated","✔ OK")))))))))) | Z24: =IF(F24="","",DATE(YEAR(F24)+IF(MONTH(F24)>=MONTH(Setup!$C$5),1,0),MONTH(Setup!$C$5),1)-1) | AA24: =IF(F24="","",(Z24-F24+1)/(Z24-DATE(YEAR(Z24+1)-1,MONTH(Setup!$C$5),1)+1)) | AB24: =IF(F24="","",MAX(0,YEAR(Setup!$C$5)-YEAR(Z24+1))) | AC24: =IF(D24="","",IFERROR(VLOOKUP(D24,'Rate Chart'!$A$6:$F$23,5,FALSE()),"")) | AD24: =IF(P24>0,Setup!$C$6-F24+1,"") | AE24: =IF(D24="","",IF(H24="",Setup!$C$8,H24))
A25: =IF(AND(B25="",C25=""),"",ROW()-6) | L25: =IF(D25="","",IFERROR(VLOOKUP(D25,'Rate Chart'!$A$6:$F$23,2,FALSE()),0)) | M25: =IF(OR(L25="",N(L25)=0),0,IF(AE25="SLM",(1-Setup!$C$7)/L25,1-Setup!$C$7^(1/L25))) -> 0 | N25: =IF(G25="",0,ROUND(G25*Setup!$C$7,0)) -> 0 | O25: =IF(OR(G25="",F25=""),0,IF(AND(F25<Setup!$C$5,OR(J25="",J25>=Setup!$C$5)),G25,0)) -> 0 | P25: =IF(OR(G25="",F25=""),0,IF(AND(F25>=Setup!$C$5,F25<=Setup!$C$6),G25,0)) -> 0 | Q25: =IF(O25=0,0,IF(I25<>"",I25,IF(N(L25)=0,0,ROUND(IF(AE25="SLM",MIN(G25-N25,(G25-N25)/L25*(AA25+AB25)),G25-MAX(N25,G25*(1-M25*AA25)*(1-M25)^AB25)),0)))) -> 0 | R25: =IF(OR(F25="",G25=""),0,IF(OR(F25>Setup!$C$6,AND(J25<>"",J25<Setup!$C$5)),0,MAX(0,MIN(Setup!$C$6,IF(J25="",Setup!$C$6,J25))-MAX(Setup!$C$5,F25)+1))) -> 0 | S25: =IF(OR(N(L25)=0,R25=0),0,MAX(0,ROUND(MIN(IF(AE25="SLM",(G25-N25)/L25,(O25+P25-Q25)*M25)*R25/(Setup!$C$6-Setup!$C$5+1),O25+P25-Q25-N25),0))) -> 0 | T25: =IF(AND(J25<>"",G25<>""),IF(AND(J25>=Setup!$C$5,J25<=Setup!$C$6),O25+P25,0),0) -> 0 | U25: =IF(T25>0,Q25+S25,0) -> 0 | V25: =Q25+S25-U25 -> 0 | W25: =O25+P25-T25-V25 -> 0 | X25: =IF(T25>0,N(K25)-(O25+P25-Q25-S25),"") | Y25: =IF(AND(B25="",C25="",G25=""),"",IF(D25="","⚠ Pick category",IF(F25="","⚠ Enter put-to-use date",IF(G25="","⚠ Enter cost",IF(F25>Setup!$C$6,"Not yet in use",IF(AND(J25<>"",J25<F25),"⚠ Sale before put-to-use",IF(AND(J25<>"",J25<Setup!$C$5),"Sold in an earlier year",IF(N(I25)>G25,"⚠ Opening dep. more than cost",IF(T25>0,"Sold this year",IF(AND(N(L25)>0,W25<=N25+1),"Fully depreciated","✔ OK")))))))))) | Z25: =IF(F25="","",DATE(YEAR(F25)+IF(MONTH(F25)>=MONTH(Setup!$C$5),1,0),MONTH(Setup!$C$5),1)-1) | AA25: =IF(F25="","",(Z25-F25+1)/(Z25-DATE(YEAR(Z25+1)-1,MONTH(Setup!$C$5),1)+1)) | AB25: =IF(F25="","",MAX(0,YEAR(Setup!$C$5)-YEAR(Z25+1))) | AC25: =IF(D25="","",IFERROR(VLOOKUP(D25,'Rate Chart'!$A$6:$F$23,5,FALSE()),"")) | AD25: =IF(P25>0,Setup!$C$6-F25+1,"") | AE25: =IF(D25="","",IF(H25="",Setup!$C$8,H25))
A26: =IF(AND(B26="",C26=""),"",ROW()-6) | L26: =IF(D26="","",IFERROR(VLOOKUP(D26,'Rate Chart'!$A$6:$F$23,2,FALSE()),0)) | M26: =IF(OR(L26="",N(L26)=0),0,IF(AE26="SLM",(1-Setup!$C$7)/L26,1-Setup!$C$7^(1/L26))) -> 0 | N26: =IF(G26="",0,ROUND(G26*Setup!$C$7,0)) -> 0 | O26: =IF(OR(G26="",F26=""),0,IF(AND(F26<Setup!$C$5,OR(J26="",J26>=Setup!$C$5)),G26,0)) -> 0 | P26: =IF(OR(G26="",F26=""),0,IF(AND(F26>=Setup!$C$5,F26<=Setup!$C$6),G26,0)) -> 0 | Q26: =IF(O26=0,0,IF(I26<>"",I26,IF(N(L26)=0,0,ROUND(IF(AE26="SLM",MIN(G26-N26,(G26-N26)/L26*(AA26+AB26)),G26-MAX(N26,G26*(1-M26*AA26)*(1-M26)^AB26)),0)))) -> 0 | R26: =IF(OR(F26="",G26=""),0,IF(OR(F26>Setup!$C$6,AND(J26<>"",J26<Setup!$C$5)),0,MAX(0,MIN(Setup!$C$6,IF(J26="",Setup!$C$6,J26))-MAX(Setup!$C$5,F26)+1))) -> 0 | S26: =IF(OR(N(L26)=0,R26=0),0,MAX(0,ROUND(MIN(IF(AE26="SLM",(G26-N26)/L26,(O26+P26-Q26)*M26)*R26/(Setup!$C$6-Setup!$C$5+1),O26+P26-Q26-N26),0))) -> 0 | T26: =IF(AND(J26<>"",G26<>""),IF(AND(J26>=Setup!$C$5,J26<=Setup!$C$6),O26+P26,0),0) -> 0 | U26: =IF(T26>0,Q26+S26,0) -> 0 | V26: =Q26+S26-U26 -> 0 | W26: =O26+P26-T26-V26 -> 0 | X26: =IF(T26>0,N(K26)-(O26+P26-Q26-S26),"") | Y26: =IF(AND(B26="",C26="",G26=""),"",IF(D26="","⚠ Pick category",IF(F26="","⚠ Enter put-to-use date",IF(G26="","⚠ Enter cost",IF(F26>Setup!$C$6,"Not yet in use",IF(AND(J26<>"",J26<F26),"⚠ Sale before put-to-use",IF(AND(J26<>"",J26<Setup!$C$5),"Sold in an earlier year",IF(N(I26)>G26,"⚠ Opening dep. more than cost",IF(T26>0,"Sold this year",IF(AND(N(L26)>0,W26<=N26+1),"Fully depreciated","✔ OK")))))))))) | Z26: =IF(F26="","",DATE(YEAR(F26)+IF(MONTH(F26)>=MONTH(Setup!$C$5),1,0),MONTH(Setup!$C$5),1)-1) | AA26: =IF(F26="","",(Z26-F26+1)/(Z26-DATE(YEAR(Z26+1)-1,MONTH(Setup!$C$5),1)+1)) | AB26: =IF(F26="","",MAX(0,YEAR(Setup!$C$5)-YEAR(Z26+1))) | AC26: =IF(D26="","",IFERROR(VLOOKUP(D26,'Rate Chart'!$A$6:$F$23,5,FALSE()),"")) | AD26: =IF(P26>0,Setup!$C$6-F26+1,"") | AE26: =IF(D26="","",IF(H26="",Setup!$C$8,H26))
A27: =IF(AND(B27="",C27=""),"",ROW()-6) | L27: =IF(D27="","",IFERROR(VLOOKUP(D27,'Rate Chart'!$A$6:$F$23,2,FALSE()),0)) | M27: =IF(OR(L27="",N(L27)=0),0,IF(AE27="SLM",(1-Setup!$C$7)/L27,1-Setup!$C$7^(1/L27))) -> 0 | N27: =IF(G27="",0,ROUND(G27*Setup!$C$7,0)) -> 0 | O27: =IF(OR(G27="",F27=""),0,IF(AND(F27<Setup!$C$5,OR(J27="",J27>=Setup!$C$5)),G27,0)) -> 0 | P27: =IF(OR(G27="",F27=""),0,IF(AND(F27>=Setup!$C$5,F27<=Setup!$C$6),G27,0)) -> 0 | Q27: =IF(O27=0,0,IF(I27<>"",I27,IF(N(L27)=0,0,ROUND(IF(AE27="SLM",MIN(G27-N27,(G27-N27)/L27*(AA27+AB27)),G27-MAX(N27,G27*(1-M27*AA27)*(1-M27)^AB27)),0)))) -> 0 | R27: =IF(OR(F27="",G27=""),0,IF(OR(F27>Setup!$C$6,AND(J27<>"",J27<Setup!$C$5)),0,MAX(0,MIN(Setup!$C$6,IF(J27="",Setup!$C$6,J27))-MAX(Setup!$C$5,F27)+1))) -> 0 | S27: =IF(OR(N(L27)=0,R27=0),0,MAX(0,ROUND(MIN(IF(AE27="SLM",(G27-N27)/L27,(O27+P27-Q27)*M27)*R27/(Setup!$C$6-Setup!$C$5+1),O27+P27-Q27-N27),0))) -> 0 | T27: =IF(AND(J27<>"",G27<>""),IF(AND(J27>=Setup!$C$5,J27<=Setup!$C$6),O27+P27,0),0) -> 0 | U27: =IF(T27>0,Q27+S27,0) -> 0 | V27: =Q27+S27-U27 -> 0 | W27: =O27+P27-T27-V27 -> 0 | X27: =IF(T27>0,N(K27)-(O27+P27-Q27-S27),"") | Y27: =IF(AND(B27="",C27="",G27=""),"",IF(D27="","⚠ Pick category",IF(F27="","⚠ Enter put-to-use date",IF(G27="","⚠ Enter cost",IF(F27>Setup!$C$6,"Not yet in use",IF(AND(J27<>"",J27<F27),"⚠ Sale before put-to-use",IF(AND(J27<>"",J27<Setup!$C$5),"Sold in an earlier year",IF(N(I27)>G27,"⚠ Opening dep. more than cost",IF(T27>0,"Sold this year",IF(AND(N(L27)>0,W27<=N27+1),"Fully depreciated","✔ OK")))))))))) | Z27: =IF(F27="","",DATE(YEAR(F27)+IF(MONTH(F27)>=MONTH(Setup!$C$5),1,0),MONTH(Setup!$C$5),1)-1) | AA27: =IF(F27="","",(Z27-F27+1)/(Z27-DATE(YEAR(Z27+1)-1,MONTH(Setup!$C$5),1)+1)) | AB27: =IF(F27="","",MAX(0,YEAR(Setup!$C$5)-YEAR(Z27+1))) | AC27: =IF(D27="","",IFERROR(VLOOKUP(D27,'Rate Chart'!$A$6:$F$23,5,FALSE()),"")) | AD27: =IF(P27>0,Setup!$C$6-F27+1,"") | AE27: =IF(D27="","",IF(H27="",Setup!$C$8,H27))
A28: =IF(AND(B28="",C28=""),"",ROW()-6) | L28: =IF(D28="","",IFERROR(VLOOKUP(D28,'Rate Chart'!$A$6:$F$23,2,FALSE()),0)) | M28: =IF(OR(L28="",N(L28)=0),0,IF(AE28="SLM",(1-Setup!$C$7)/L28,1-Setup!$C$7^(1/L28))) -> 0 | N28: =IF(G28="",0,ROUND(G28*Setup!$C$7,0)) -> 0 | O28: =IF(OR(G28="",F28=""),0,IF(AND(F28<Setup!$C$5,OR(J28="",J28>=Setup!$C$5)),G28,0)) -> 0 | P28: =IF(OR(G28="",F28=""),0,IF(AND(F28>=Setup!$C$5,F28<=Setup!$C$6),G28,0)) -> 0 | Q28: =IF(O28=0,0,IF(I28<>"",I28,IF(N(L28)=0,0,ROUND(IF(AE28="SLM",MIN(G28-N28,(G28-N28)/L28*(AA28+AB28)),G28-MAX(N28,G28*(1-M28*AA28)*(1-M28)^AB28)),0)))) -> 0 | R28: =IF(OR(F28="",G28=""),0,IF(OR(F28>Setup!$C$6,AND(J28<>"",J28<Setup!$C$5)),0,MAX(0,MIN(Setup!$C$6,IF(J28="",Setup!$C$6,J28))-MAX(Setup!$C$5,F28)+1))) -> 0 | S28: =IF(OR(N(L28)=0,R28=0),0,MAX(0,ROUND(MIN(IF(AE28="SLM",(G28-N28)/L28,(O28+P28-Q28)*M28)*R28/(Setup!$C$6-Setup!$C$5+1),O28+P28-Q28-N28),0))) -> 0 | T28: =IF(AND(J28<>"",G28<>""),IF(AND(J28>=Setup!$C$5,J28<=Setup!$C$6),O28+P28,0),0) -> 0 | U28: =IF(T28>0,Q28+S28,0) -> 0 | V28: =Q28+S28-U28 -> 0 | W28: =O28+P28-T28-V28 -> 0 | X28: =IF(T28>0,N(K28)-(O28+P28-Q28-S28),"") | Y28: =IF(AND(B28="",C28="",G28=""),"",IF(D28="","⚠ Pick category",IF(F28="","⚠ Enter put-to-use date",IF(G28="","⚠ Enter cost",IF(F28>Setup!$C$6,"Not yet in use",IF(AND(J28<>"",J28<F28),"⚠ Sale before put-to-use",IF(AND(J28<>"",J28<Setup!$C$5),"Sold in an earlier year",IF(N(I28)>G28,"⚠ Opening dep. more than cost",IF(T28>0,"Sold this year",IF(AND(N(L28)>0,W28<=N28+1),"Fully depreciated","✔ OK")))))))))) | Z28: =IF(F28="","",DATE(YEAR(F28)+IF(MONTH(F28)>=MONTH(Setup!$C$5),1,0),MONTH(Setup!$C$5),1)-1) | AA28: =IF(F28="","",(Z28-F28+1)/(Z28-DATE(YEAR(Z28+1)-1,MONTH(Setup!$C$5),1)+1)) | AB28: =IF(F28="","",MAX(0,YEAR(Setup!$C$5)-YEAR(Z28+1))) | AC28: =IF(D28="","",IFERROR(VLOOKUP(D28,'Rate Chart'!$A$6:$F$23,5,FALSE()),"")) | AD28: =IF(P28>0,Setup!$C$6-F28+1,"") | AE28: =IF(D28="","",IF(H28="",Setup!$C$8,H28))
A29: =IF(AND(B29="",C29=""),"",ROW()-6) | L29: =IF(D29="","",IFERROR(VLOOKUP(D29,'Rate Chart'!$A$6:$F$23,2,FALSE()),0)) | M29: =IF(OR(L29="",N(L29)=0),0,IF(AE29="SLM",(1-Setup!$C$7)/L29,1-Setup!$C$7^(1/L29))) -> 0 | N29: =IF(G29="",0,ROUND(G29*Setup!$C$7,0)) -> 0 | O29: =IF(OR(G29="",F29=""),0,IF(AND(F29<Setup!$C$5,OR(J29="",J29>=Setup!$C$5)),G29,0)) -> 0 | P29: =IF(OR(G29="",F29=""),0,IF(AND(F29>=Setup!$C$5,F29<=Setup!$C$6),G29,0)) -> 0 | Q29: =IF(O29=0,0,IF(I29<>"",I29,IF(N(L29)=0,0,ROUND(IF(AE29="SLM",MIN(G29-N29,(G29-N29)/L29*(AA29+AB29)),G29-MAX(N29,G29*(1-M29*AA29)*(1-M29)^AB29)),0)))) -> 0 | R29: =IF(OR(F29="",G29=""),0,IF(OR(F29>Setup!$C$6,AND(J29<>"",J29<Setup!$C$5)),0,MAX(0,MIN(Setup!$C$6,IF(J29="",Setup!$C$6,J29))-MAX(Setup!$C$5,F29)+1))) -> 0 | S29: =IF(OR(N(L29)=0,R29=0),0,MAX(0,ROUND(MIN(IF(AE29="SLM",(G29-N29)/L29,(O29+P29-Q29)*M29)*R29/(Setup!$C$6-Setup!$C$5+1),O29+P29-Q29-N29),0))) -> 0 | T29: =IF(AND(J29<>"",G29<>""),IF(AND(J29>=Setup!$C$5,J29<=Setup!$C$6),O29+P29,0),0) -> 0 | U29: =IF(T29>0,Q29+S29,0) -> 0 | V29: =Q29+S29-U29 -> 0 | W29: =O29+P29-T29-V29 -> 0 | X29: =IF(T29>0,N(K29)-(O29+P29-Q29-S29),"") | Y29: =IF(AND(B29="",C29="",G29=""),"",IF(D29="","⚠ Pick category",IF(F29="","⚠ Enter put-to-use date",IF(G29="","⚠ Enter cost",IF(F29>Setup!$C$6,"Not yet in use",IF(AND(J29<>"",J29<F29),"⚠ Sale before put-to-use",IF(AND(J29<>"",J29<Setup!$C$5),"Sold in an earlier year",IF(N(I29)>G29,"⚠ Opening dep. more than cost",IF(T29>0,"Sold this year",IF(AND(N(L29)>0,W29<=N29+1),"Fully depreciated","✔ OK")))))))))) | Z29: =IF(F29="","",DATE(YEAR(F29)+IF(MONTH(F29)>=MONTH(Setup!$C$5),1,0),MONTH(Setup!$C$5),1)-1) | AA29: =IF(F29="","",(Z29-F29+1)/(Z29-DATE(YEAR(Z29+1)-1,MONTH(Setup!$C$5),1)+1)) | AB29: =IF(F29="","",MAX(0,YEAR(Setup!$C$5)-YEAR(Z29+1))) | AC29: =IF(D29="","",IFERROR(VLOOKUP(D29,'Rate Chart'!$A$6:$F$23,5,FALSE()),"")) | AD29: =IF(P29>0,Setup!$C$6-F29+1,"") | AE29: =IF(D29="","",IF(H29="",Setup!$C$8,H29))
A30: =IF(AND(B30="",C30=""),"",ROW()-6) | L30: =IF(D30="","",IFERROR(VLOOKUP(D30,'Rate Chart'!$A$6:$F$23,2,FALSE()),0)) | M30: =IF(OR(L30="",N(L30)=0),0,IF(AE30="SLM",(1-Setup!$C$7)/L30,1-Setup!$C$7^(1/L30))) -> 0 | N30: =IF(G30="",0,ROUND(G30*Setup!$C$7,0)) -> 0 | O30: =IF(OR(G30="",F30=""),0,IF(AND(F30<Setup!$C$5,OR(J30="",J30>=Setup!$C$5)),G30,0)) -> 0 | P30: =IF(OR(G30="",F30=""),0,IF(AND(F30>=Setup!$C$5,F30<=Setup!$C$6),G30,0)) -> 0 | Q30: =IF(O30=0,0,IF(I30<>"",I30,IF(N(L30)=0,0,ROUND(IF(AE30="SLM",MIN(G30-N30,(G30-N30)/L30*(AA30+AB30)),G30-MAX(N30,G30*(1-M30*AA30)*(1-M30)^AB30)),0)))) -> 0 | R30: =IF(OR(F30="",G30=""),0,IF(OR(F30>Setup!$C$6,AND(J30<>"",J30<Setup!$C$5)),0,MAX(0,MIN(Setup!$C$6,IF(J30="",Setup!$C$6,J30))-MAX(Setup!$C$5,F30)+1))) -> 0 | S30: =IF(OR(N(L30)=0,R30=0),0,MAX(0,ROUND(MIN(IF(AE30="SLM",(G30-N30)/L30,(O30+P30-Q30)*M30)*R30/(Setup!$C$6-Setup!$C$5+1),O30+P30-Q30-N30),0))) -> 0 | T30: =IF(AND(J30<>"",G30<>""),IF(AND(J30>=Setup!$C$5,J30<=Setup!$C$6),O30+P30,0),0) -> 0 | U30: =IF(T30>0,Q30+S30,0) -> 0 | V30: =Q30+S30-U30 -> 0 | W30: =O30+P30-T30-V30 -> 0 | X30: =IF(T30>0,N(K30)-(O30+P30-Q30-S30),"") | Y30: =IF(AND(B30="",C30="",G30=""),"",IF(D30="","⚠ Pick category",IF(F30="","⚠ Enter put-to-use date",IF(G30="","⚠ Enter cost",IF(F30>Setup!$C$6,"Not yet in use",IF(AND(J30<>"",J30<F30),"⚠ Sale before put-to-use",IF(AND(J30<>"",J30<Setup!$C$5),"Sold in an earlier year",IF(N(I30)>G30,"⚠ Opening dep. more than cost",IF(T30>0,"Sold this year",IF(AND(N(L30)>0,W30<=N30+1),"Fully depreciated","✔ OK")))))))))) | Z30: =IF(F30="","",DATE(YEAR(F30)+IF(MONTH(F30)>=MONTH(Setup!$C$5),1,0),MONTH(Setup!$C$5),1)-1) | AA30: =IF(F30="","",(Z30-F30+1)/(Z30-DATE(YEAR(Z30+1)-1,MONTH(Setup!$C$5),1)+1)) | AB30: =IF(F30="","",MAX(0,YEAR(Setup!$C$5)-YEAR(Z30+1))) | AC30: =IF(D30="","",IFERROR(VLOOKUP(D30,'Rate Chart'!$A$6:$F$23,5,FALSE()),"")) | AD30: =IF(P30>0,Setup!$C$6-F30+1,"") | AE30: =IF(D30="","",IF(H30="",Setup!$C$8,H30))
... A106: =IF(AND(B106="",C106=""),"",ROW()-6) | L106: =IF(D106="","",IFERROR(VLOOKUP(D106,'Rate Chart'!$A$6:$F$23,2,FALSE()),0)) | M106: =IF(OR(L106="",N(L106)=0),0,IF(AE106="SLM",(1-Setup!$C$7)/L106,1-Setup!$C$7^(1/L106))) -> 0 | N106: =IF(G106="",0,ROUND(G106*Setup!$C$7,0)) -> 0 | O106: =IF(OR(G106="",F106=""),0,IF(AND(F106<Setup!$C$5,OR(J106="",J106>=Setup!$C$5)),G106,0)) -> 0 | P106: =IF(OR(G106="",F106=""),0,IF(AND(F106>=Setup!$C$5,F106<=Setup!$C$6),G106,0)) -> 0 | Q106: =IF(O106=0,0,IF(I106<>"",I106,IF(N(L106)=0,0,ROUND(IF(AE106="SLM",MIN(G106-N106,(G106-N106)/L106*(AA106+AB106)),G106-MAX(N106,G106*(1-M106*AA106)*(1-M106)^AB106)),0)))) -> 0 | R106: =IF(OR(F106="",G106=""),0,IF(OR(F106>Setup!$C$6,AND(J106<>"",J106<Setup!$C$5)),0,MAX(0,MIN(Setup!$C$6,IF(J106="",Setup!$C$6,J106))-MAX(Setup!$C$5,F106)+1))) -> 0 | S106: =IF(OR(N(L106)=0,R106=0),0,MAX(0,ROUND(MIN(IF(AE106="SLM",(G106-N106)/L106,(O106+P106-Q106)*M106)*R106/(Setup!$C$6-Setup!$C$5+1),O106+P106-Q106-N106),0))) -> 0 | T106: =IF(AND(J106<>"",G106<>""),IF(AND(J106>=Setup!$C$5,J106<=Setup!$C$6),O106+P106,0),0) -> 0 | U106: =IF(T106>0,Q106+S106,0) -> 0 | V106: =Q106+S106-U106 -> 0 | W106: =O106+P106-T106-V106 -> 0 | X106: =IF(T106>0,N(K106)-(O106+P106-Q106-S106),"") | Y106: =IF(AND(B106="",C106="",G106=""),"",IF(D106="","⚠ Pick category",IF(F106="","⚠ Enter put-to-use date",IF(G106="","⚠ Enter cost",IF(F106>Setup!$C$6,"Not yet in use",IF(AND(J106<>"",J106<F106),"⚠ Sale before put-to-use",IF(AND(J106<>"",J106<Setup!$C$5),"Sold in an earlier year",IF(N(I106)>G106,"⚠ Opening dep. more than cost",IF(T106>0,"Sold this year",IF(AND(N(L106)>0,W106<=N106+1),"Fully depreciated","✔ OK")))))))))) | Z106: =IF(F106="","",DATE(YEAR(F106)+IF(MONTH(F106)>=MONTH(Setup!$C$5),1,0),MONTH(Setup!$C$5),1)-1) | AA106: =IF(F106="","",(Z106-F106+1)/(Z106-DATE(YEAR(Z106+1)-1,MONTH(Setup!$C$5),1)+1)) | AB106: =IF(F106="","",MAX(0,YEAR(Setup!$C$5)-YEAR(Z106+1))) | AC106: =IF(D106="","",IFERROR(VLOOKUP(D106,'Rate Chart'!$A$6:$F$23,5,FALSE()),"")) | AD106: =IF(P106>0,Setup!$C$6-F106+1,"") | AE106: =IF(D106="","",IF(H106="",Setup!$C$8,H106))
C107: TOTAL | G107: =SUM(G7:G106) -> 11845000 | O107: =SUM(O7:O106) -> 8870000 | P107: =SUM(P7:P106) -> 2975000 | Q107: =SUM(Q7:Q106) -> 2447862 | S107: =SUM(S7:S106) -> 1066477 | T107: =SUM(T7:T106) -> 200000 | U107: =SUM(U7:U106) -> 190000 | V107: =SUM(V7:V106) -> 3324339 | W107: =SUM(W7:W106) -> 8320661 | X107: =SUM(X7:X106) -> 5000

Sheet PPE Schedule
A1: ◄ BACK TO DASHBOARD
A2: ="Property, Plant & Equipment – "&Setup!$C$4&" – year ended "&TEXT(Setup!$C$6,"dd mmmm yyyy") -> Property, Plant & Equipment – M/s Xplore Industries – year ended 31 March 2027
A3: Schedule III style note: gross block, depreciation and net block by category. All figures come from the Asset Register.
B5: GROSS BLOCK | F5: DEPRECIATION | J5: NET BLOCK
A6: Category | B6: As at year start | C6: Additions | D6: Deletions | E6: As at year end | F6: Up to year start | G6: For the year | H6: On deletions | I6: Up to year end | J6: As at year end | K6: As at year start
A7: =IF('Rate Chart'!A6="","",'Rate Chart'!A6) -> Land (freehold) | B7: =IF(A7="",0,SUMIF('Asset Register'!$D$7:$D$106,A7,'Asset Register'!$O$7:$O$106)) -> 1500000 | C7: =IF(A7="",0,SUMIF('Asset Register'!$D$7:$D$106,A7,'Asset Register'!$P$7:$P$106)) -> 0 | D7: =IF(A7="",0,SUMIF('Asset Register'!$D$7:$D$106,A7,'Asset Register'!$T$7:$T$106)) -> 0 | E7: =B7+C7-D7 -> 1500000 | F7: =IF(A7="",0,SUMIF('Asset Register'!$D$7:$D$106,A7,'Asset Register'!$Q$7:$Q$106)) -> 0 | G7: =IF(A7="",0,SUMIF('Asset Register'!$D$7:$D$106,A7,'Asset Register'!$S$7:$S$106)) -> 0 | H7: =IF(A7="",0,SUMIF('Asset Register'!$D$7:$D$106,A7,'Asset Register'!$U$7:$U$106)) -> 0 | I7: =F7+G7-H7 -> 0 | J7: =E7-I7 -> 1500000 | K7: =B7-F7 -> 1500000 | L7: =IF(E7>0,COUNTIF($E$7:E7,">0"),"") -> 1
A8: =IF('Rate Chart'!A7="","",'Rate Chart'!A7) -> Buildings – RCC (other than factory) | B8: =IF(A8="",0,SUMIF('Asset Register'!$D$7:$D$106,A8,'Asset Register'!$O$7:$O$106)) -> 2500000 | C8: =IF(A8="",0,SUMIF('Asset Register'!$D$7:$D$106,A8,'Asset Register'!$P$7:$P$106)) -> 0 | D8: =IF(A8="",0,SUMIF('Asset Register'!$D$7:$D$106,A8,'Asset Register'!$T$7:$T$106)) -> 0 | E8: =B8+C8-D8 -> 2500000 | F8: =IF(A8="",0,SUMIF('Asset Register'!$D$7:$D$106,A8,'Asset Register'!$Q$7:$Q$106)) -> 237500 | G8: =IF(A8="",0,SUMIF('Asset Register'!$D$7:$D$106,A8,'Asset Register'!$S$7:$S$106)) -> 39583 | H8: =IF(A8="",0,SUMIF('Asset Register'!$D$7:$D$106,A8,'Asset Register'!$U$7:$U$106)) -> 0 | I8: =F8+G8-H8 -> 277083 | J8: =E8-I8 -> 2222917 | K8: =B8-F8 -> 2262500 | L8: =IF(E8>0,COUNTIF($E$7:E8,">0"),"") -> 2
A9: =IF('Rate Chart'!A8="","",'Rate Chart'!A8) -> Factory Buildings | B9: =IF(A9="",0,SUMIF('Asset Register'!$D$7:$D$106,A9,'Asset Register'!$O$7:$O$106)) -> 1800000 | C9: =IF(A9="",0,SUMIF('Asset Register'!$D$7:$D$106,A9,'Asset Register'!$P$7:$P$106)) -> 0 | D9: =IF(A9="",0,SUMIF('Asset Register'!$D$7:$D$106,A9,'Asset Register'!$T$7:$T$106)) -> 0 | E9: =B9+C9-D9 -> 1800000 | F9: =IF(A9="",0,SUMIF('Asset Register'!$D$7:$D$106,A9,'Asset Register'!$Q$7:$Q$106)) -> 674463 | G9: =IF(A9="",0,SUMIF('Asset Register'!$D$7:$D$106,A9,'Asset Register'!$S$7:$S$106)) -> 106964 | H9: =IF(A9="",0,SUMIF('Asset Register'!$D$7:$D$106,A9,'Asset Register'!$U$7:$U$106)) -> 0 | I9: =F9+G9-H9 -> 781427 | J9: =E9-I9 -> 1018573 | K9: =B9-F9 -> 1125537 | L9: =IF(E9>0,COUNTIF($E$7:E9,">0"),"") -> 3
A10: =IF('Rate Chart'!A9="","",'Rate Chart'!A9) -> Residential Buildings | B10: =IF(A10="",0,SUMIF('Asset Register'!$D$7:$D$106,A10,'Asset Register'!$O$7:$O$106)) -> 0 | C10: =IF(A10="",0,SUMIF('Asset Register'!$D$7:$D$106,A10,'Asset Register'!$P$7:$P$106)) -> 0 | D10: =IF(A10="",0,SUMIF('Asset Register'!$D$7:$D$106,A10,'Asset Register'!$T$7:$T$106)) -> 0 | E10: =B10+C10-D10 -> 0 | F10: =IF(A10="",0,SUMIF('Asset Register'!$D$7:$D$106,A10,'Asset Register'!$Q$7:$Q$106)) -> 0 | G10: =IF(A10="",0,SUMIF('Asset Register'!$D$7:$D$106,A10,'Asset Register'!$S$7:$S$106)) -> 0 | H10: =IF(A10="",0,SUMIF('Asset Register'!$D$7:$D$106,A10,'Asset Register'!$U$7:$U$106)) -> 0 | I10: =F10+G10-H10 -> 0 | J10: =E10-I10 -> 0 | K10: =B10-F10 -> 0 | L10: =IF(E10>0,COUNTIF($E$7:E10,">0"),"")
A11: =IF('Rate Chart'!A10="","",'Rate Chart'!A10) -> Plant & Machinery (general) | B11: =IF(A11="",0,SUMIF('Asset Register'!$D$7:$D$106,A11,'Asset Register'!$O$7:$O$106)) -> 1200000 | C11: =IF(A11="",0,SUMIF('Asset Register'!$D$7:$D$106,A11,'Asset Register'!$P$7:$P$106)) -> 450000 | D11: =IF(A11="",0,SUMIF('Asset Register'!$D$7:$D$106,A11,'Asset Register'!$T$7:$T$106)) -> 0 | E11: =B11+C11-D11 -> 1650000 | F11: =IF(A11="",0,SUMIF('Asset Register'!$D$7:$D$106,A11,'Asset Register'!$Q$7:$Q$106)) -> 597422 | G11: =IF(A11="",0,SUMIF('Asset Register'!$D$7:$D$106,A11,'Asset Register'!$S$7:$S$106)) -> 172699 | H11: =IF(A11="",0,SUMIF('Asset Register'!$D$7:$D$106,A11,'Asset Register'!$U$7:$U$106)) -> 0 | I11: =F11+G11-H11 -> 770121 | J11: =E11-I11 -> 879879 | K11: =B11-F11 -> 602578 | L11: =IF(E11>0,COUNTIF($E$7:E11,">0"),"") -> 4
A12: =IF('Rate Chart'!A11="","",'Rate Chart'!A11) -> Furniture & Fittings | B12: =IF(A12="",0,SUMIF('Asset Register'!$D$7:$D$106,A12,'Asset Register'!$O$7:$O$106)) -> 300000 | C12: =IF(A12="",0,SUMIF('Asset Register'!$D$7:$D$106,A12,'Asset Register'!$P$7:$P$106)) -> 0 | D12: =IF(A12="",0,SUMIF('Asset Register'!$D$7:$D$106,A12,'Asset Register'!$T$7:$T$106)) -> 0 | E12: =B12+C12-D12 -> 300000 | F12: =IF(A12="",0,SUMIF('Asset Register'!$D$7:$D$106,A12,'Asset Register'!$Q$7:$Q$106)) -> 163654 | G12: =IF(A12="",0,SUMIF('Asset Register'!$D$7:$D$106,A12,'Asset Register'!$S$7:$S$106)) -> 35295 | H12: =IF(A12="",0,SUMIF('Asset Register'!$D$7:$D$106,A12,'Asset Register'!$U$7:$U$106)) -> 0 | I12: =F12+G12-H12 -> 198949 | J12: =E12-I12 -> 101051 | K12: =B12-F12 -> 136346 | L12: =IF(E12>0,COUNTIF($E$7:E12,">0"),"") -> 5
A13: =IF('Rate Chart'!A12="","",'Rate Chart'!A12) -> Electrical Installations | B13: =IF(A13="",0,SUMIF('Asset Register'!$D$7:$D$106,A13,'Asset Register'!$O$7:$O$106)) -> 180000 | C13: =IF(A13="",0,SUMIF('Asset Register'!$D$7:$D$106,A13,'Asset Register'!$P$7:$P$106)) -> 0 | D13: =IF(A13="",0,SUMIF('Asset Register'!$D$7:$D$106,A13,'Asset Register'!$T$7:$T$106)) -> 0 | E13: =B13+C13-D13 -> 180000 | F13: =IF(A13="",0,SUMIF('Asset Register'!$D$7:$D$106,A13,'Asset Register'!$Q$7:$Q$106)) -> 51300 | G13: =IF(A13="",0,SUMIF('Asset Register'!$D$7:$D$106,A13,'Asset Register'!$S$7:$S$106)) -> 17100 | H13: =IF(A13="",0,SUMIF('Asset Register'!$D$7:$D$106,A13,'Asset Register'!$U$7:$U$106)) -> 0 | I13: =F13+G13-H13 -> 68400 | J13: =E13-I13 -> 111600 | K13: =B13-F13 -> 128700 | L13: =IF(E13>0,COUNTIF($E$7:E13,">0"),"") -> 6
A14: =IF('Rate Chart'!A13="","",'Rate Chart'!A13) -> Office Equipment | B14: =IF(A14="",0,SUMIF('Asset Register'!$D$7:$D$106,A14,'Asset Register'!$O$7:$O$106)) -> 240000 | C14: =IF(A14="",0,SUMIF('Asset Register'!$D$7:$D$106,A14,'Asset Register'!$P$7:$P$106)) -> 0 | D14: =IF(A14="",0,SUMIF('Asset Register'!$D$7:$D$106,A14,'Asset Register'!$T$7:$T$106)) -> 0 | E14: =B14+C14-D14 -> 240000 | F14: =IF(A14="",0,SUMIF('Asset Register'!$D$7:$D$106,A14,'Asset Register'!$Q$7:$Q$106)) -> 165799 | G14: =IF(A14="",0,SUMIF('Asset Register'!$D$7:$D$106,A14,'Asset Register'!$S$7:$S$106)) -> 33444 | H14: =IF(A14="",0,SUMIF('Asset Register'!$D$7:$D$106,A14,'Asset Register'!$U$7:$U$106)) -> 0 | I14: =F14+G14-H14 -> 199243 | J14: =E14-I14 -> 40757 | K14: =B14-F14 -> 74201 | L14: =IF(E14>0,COUNTIF($E$7:E14,">0"),"") -> 7
A15: =IF('Rate Chart'!A14="","",'Rate Chart'!A14) -> Computers & Laptops | B15: =IF(A15="",0,SUMIF('Asset Register'!$D$7:$D$106,A15,'Asset Register'!$O$7:$O$106)) -> 200000 | C15: =IF(A15="",0,SUMIF('Asset Register'!$D$7:$D$106,A15,'Asset Register'!$P$7:$P$106)) -> 325000 | D15: =IF(A15="",0,SUMIF('Asset Register'!$D$7:$D$106,A15,'Asset Register'!$T$7:$T$106)) -> 200000 | E15: =B15+C15-D15 -> 325000 | F15: =IF(A15="",0,SUMIF('Asset Register'!$D$7:$D$106,A15,'Asset Register'!$Q$7:$Q$106)) -> 190000 | G15: =IF(A15="",0,SUMIF('Asset Register'!$D$7:$D$106,A15,'Asset Register'!$S$7:$S$106)) -> 48365 | H15: =IF(A15="",0,SUMIF('Asset Register'!$D$7:$D$106,A15,'Asset Register'!$U$7:$U$106)) -> 190000 | I15: =F15+G15-H15 -> 48365 | J15: =E15-I15 -> 276635 | K15: =B15-F15 -> 10000 | L15: =IF(E15>0,COUNTIF($E$7:E15,">0"),"") -> 8
A16: =IF('Rate Chart'!A15="","",'Rate Chart'!A15) -> Servers & Networks | B16: =IF(A16="",0,SUMIF('Asset Register'!$D$7:$D$106,A16,'Asset Register'!$O$7:$O$106)) -> 0 | C16: =IF(A16="",0,SUMIF('Asset Register'!$D$7:$D$106,A16,'Asset Register'!$P$7:$P$106)) -> 0 | D16: =IF(A16="",0,SUMIF('Asset Register'!$D$7:$D$106,A16,'Asset Register'!$T$7:$T$106)) -> 0 | E16: =B16+C16-D16 -> 0 | F16: =IF(A16="",0,SUMIF('Asset Register'!$D$7:$D$106,A16,'Asset Register'!$Q$7:$Q$106)) -> 0 | G16: =IF(A16="",0,SUMIF('Asset Register'!$D$7:$D$106,A16,'Asset Register'!$S$7:$S$106)) -> 0 | H16: =IF(A16="",0,SUMIF('Asset Register'!$D$7:$D$106,A16,'Asset Register'!$U$7:$U$106)) -> 0 | I16: =F16+G16-H16 -> 0 | J16: =E16-I16 -> 0 | K16: =B16-F16 -> 0 | L16: =IF(E16>0,COUNTIF($E$7:E16,">0"),"")
A17: =IF('Rate Chart'!A16="","",'Rate Chart'!A16) -> Motor Cars (not on hire) | B17: =IF(A17="",0,SUMIF('Asset Register'!$D$7:$D$106,A17,'Asset Register'!$O$7:$O$106)) -> 950000 | C17: =IF(A17="",0,SUMIF('Asset Register'!$D$7:$D$106,A17,'Asset Register'!$P$7:$P$106)) -> 0 | D17: =IF(A17="",0,SUMIF('Asset Register'!$D$7:$D$106,A17,'Asset Register'!$T$7:$T$106)) -> 0 | E17: =B17+C17-D17 -> 950000 | F17: =IF(A17="",0,SUMIF('Asset Register'!$D$7:$D$106,A17,'Asset Register'!$Q$7:$Q$106)) -> 367724 | G17: =IF(A17="",0,SUMIF('Asset Register'!$D$7:$D$106,A17,'Asset Register'!$S$7:$S$106)) -> 181870 | H17: =IF(A17="",0,SUMIF('Asset Register'!$D$7:$D$106,A17,'Asset Register'!$U$7:$U$106)) -> 0 | I17: =F17+G17-H17 -> 549594 | J17: =E17-I17 -> 400406 | K17: =B17-F17 -> 582276 | L17: =IF(E17>0,COUNTIF($E$7:E17,">0"),"") -> 9
A18: =IF('Rate Chart'!A17="","",'Rate Chart'!A17) -> Motor Cycles & Scooters | B18: =IF(A18="",0,SUMIF('Asset Register'!$D$7:$D$106,A18,'Asset Register'!$O$7:$O$106)) -> 0 | C18: =IF(A18="",0,SUMIF('Asset Register'!$D$7:$D$106,A18,'Asset Register'!$P$7:$P$106)) -> 0 | D18: =IF(A18="",0,SUMIF('Asset Register'!$D$7:$D$106,A18,'Asset Register'!$T$7:$T$106)) -> 0 | E18: =B18+C18-D18 -> 0 | F18: =IF(A18="",0,SUMIF('Asset Register'!$D$7:$D$106,A18,'Asset Register'!$Q$7:$Q$106)) -> 0 | G18: =IF(A18="",0,SUMIF('Asset Register'!$D$7:$D$106,A18,'Asset Register'!$S$7:$S$106)) -> 0 | H18: =IF(A18="",0,SUMIF('Asset Register'!$D$7:$D$106,A18,'Asset Register'!$U$7:$U$106)) -> 0 | I18: =F18+G18-H18 -> 0 | J18: =E18-I18 -> 0 | K18: =B18-F18 -> 0 | L18: =IF(E18>0,COUNTIF($E$7:E18,">0"),"")
... A24: =IF('Rate Chart'!A23="","",'Rate Chart'!A23) | B24: =IF(A24="",0,SUMIF('Asset Register'!$D$7:$D$106,A24,'Asset Register'!$O$7:$O$106)) -> 0 | C24: =IF(A24="",0,SUMIF('Asset Register'!$D$7:$D$106,A24,'Asset Register'!$P$7:$P$106)) -> 0 | D24: =IF(A24="",0,SUMIF('Asset Register'!$D$7:$D$106,A24,'Asset Register'!$T$7:$T$106)) -> 0 | E24: =B24+C24-D24 -> 0 | F24: =IF(A24="",0,SUMIF('Asset Register'!$D$7:$D$106,A24,'Asset Register'!$Q$7:$Q$106)) -> 0 | G24: =IF(A24="",0,SUMIF('Asset Register'!$D$7:$D$106,A24,'Asset Register'!$S$7:$S$106)) -> 0 | H24: =IF(A24="",0,SUMIF('Asset Register'!$D$7:$D$106,A24,'Asset Register'!$U$7:$U$106)) -> 0 | I24: =F24+G24-H24 -> 0 | J24: =E24-I24 -> 0 | K24: =B24-F24 -> 0 | L24: =IF(E24>0,COUNTIF($E$7:E24,">0"),"")
A25: TOTAL | B25: =SUM(B7:B24) -> 8870000 | C25: =SUM(C7:C24) -> 2975000 | D25: =SUM(D7:D24) -> 200000 | E25: =SUM(E7:E24) -> 11645000 | F25: =SUM(F7:F24) -> 2447862 | G25: =SUM(G7:G24) -> 1066477 | H25: =SUM(H7:H24) -> 190000 | I25: =SUM(I7:I24) -> 3324339 | ... K25: =SUM(K7:K24) -> 6422138
A26: =IF(ROUND(J25-'Asset Register'!W107,0)=0,"✔ Net block agrees with the Asset Register.","⚠ Net block differs from the Asset Register – check categories on the Rate Chart.") -> ✔ Net block agrees with the Asset Register.

Sheet Income Tax Block
A1: ◄ BACK TO DASHBOARD
A2: ="Depreciation as per Income Tax (block of assets) – "&Setup!$C$4&" – year ended "&TEXT(Setup!$C$6,"dd mmm yyyy") -> Depreciation as per Income Tax (block of assets) – M/s Xplore Industries – year ended 31 Mar 2027
A3: Enter the opening WDV of each block (yellow). Additions and sales come from the Asset Register. Assets used for less than 180 days in the year get half the rate.
A6: Block of assets | B6: Rate | C6: Opening WDV (₹) | D6: Additions – used 180 days or more (₹) | E6: Additions – used less than 180 days (₹) | F6: Sale proceeds (₹) | G6: WDV before depreciation (₹) | H6: Depreciation (₹) | I6: Closing WDV (₹) | J6: Note
A7: ='Rate Chart'!H6 -> Building – Residential (5%) | B7: ='Rate Chart'!I6 -> 0.05 | C7: 0 | D7: =SUMIFS('Asset Register'!$G$7:$G$106,'Asset Register'!$AC$7:$AC$106,A7,'Asset Register'!$P$7:$P$106,">0",'Asset Register'!$AD$7:$AD$106,">=180") -> 0 | E7: =SUMIFS('Asset Register'!$G$7:$G$106,'Asset Register'!$AC$7:$AC$106,A7,'Asset Register'!$P$7:$P$106,">0",'Asset Register'!$AD$7:$AD$106,"<180") -> 0 | F7: =SUMIFS('Asset Register'!$K$7:$K$106,'Asset Register'!$AC$7:$AC$106,A7,'Asset Register'!$T$7:$T$106,">0") -> 0 | G7: =C7+D7+E7-F7 -> 0 | H7: =IF(G7<=0,0,ROUND(IF(C7+D7-F7>=0,(C7+D7-F7)*B7+E7*B7/2,(E7+C7+D7-F7)*B7/2),0)) -> 0 | I7: =IF(G7<=0,0,G7-H7) -> 0 | J7: =IF(G7<0,"Sale exceeds block: short-term capital gain ₹"&TEXT(-G7,"#,##,##0"),"")
A8: ='Rate Chart'!H7 -> Building – Others (10%) | B8: ='Rate Chart'!I7 -> 0.1 | C8: 3400000 | D8: =SUMIFS('Asset Register'!$G$7:$G$106,'Asset Register'!$AC$7:$AC$106,A8,'Asset Register'!$P$7:$P$106,">0",'Asset Register'!$AD$7:$AD$106,">=180") -> 0 | E8: =SUMIFS('Asset Register'!$G$7:$G$106,'Asset Register'!$AC$7:$AC$106,A8,'Asset Register'!$P$7:$P$106,">0",'Asset Register'!$AD$7:$AD$106,"<180") -> 0 | F8: =SUMIFS('Asset Register'!$K$7:$K$106,'Asset Register'!$AC$7:$AC$106,A8,'Asset Register'!$T$7:$T$106,">0") -> 0 | G8: =C8+D8+E8-F8 -> 3400000 | H8: =IF(G8<=0,0,ROUND(IF(C8+D8-F8>=0,(C8+D8-F8)*B8+E8*B8/2,(E8+C8+D8-F8)*B8/2),0)) -> 340000 | I8: =IF(G8<=0,0,G8-H8) -> 3060000 | J8: =IF(G8<0,"Sale exceeds block: short-term capital gain ₹"&TEXT(-G8,"#,##,##0"),"")
A9: ='Rate Chart'!H8 -> Furniture & Fittings (10%) | B9: ='Rate Chart'!I8 -> 0.1 | C9: 390000 | D9: =SUMIFS('Asset Register'!$G$7:$G$106,'Asset Register'!$AC$7:$AC$106,A9,'Asset Register'!$P$7:$P$106,">0",'Asset Register'!$AD$7:$AD$106,">=180") -> 0 | E9: =SUMIFS('Asset Register'!$G$7:$G$106,'Asset Register'!$AC$7:$AC$106,A9,'Asset Register'!$P$7:$P$106,">0",'Asset Register'!$AD$7:$AD$106,"<180") -> 0 | F9: =SUMIFS('Asset Register'!$K$7:$K$106,'Asset Register'!$AC$7:$AC$106,A9,'Asset Register'!$T$7:$T$106,">0") -> 0 | G9: =C9+D9+E9-F9 -> 390000 | H9: =IF(G9<=0,0,ROUND(IF(C9+D9-F9>=0,(C9+D9-F9)*B9+E9*B9/2,(E9+C9+D9-F9)*B9/2),0)) -> 39000 | I9: =IF(G9<=0,0,G9-H9) -> 351000 | J9: =IF(G9<0,"Sale exceeds block: short-term capital gain ₹"&TEXT(-G9,"#,##,##0"),"")
A10: ='Rate Chart'!H9 -> Plant & Machinery (15%) | B10: ='Rate Chart'!I9 -> 0.15 | C10: 1850000 | D10: =SUMIFS('Asset Register'!$G$7:$G$106,'Asset Register'!$AC$7:$AC$106,A10,'Asset Register'!$P$7:$P$106,">0",'Asset Register'!$AD$7:$AD$106,">=180") -> 450000 | E10: =SUMIFS('Asset Register'!$G$7:$G$106,'Asset Register'!$AC$7:$AC$106,A10,'Asset Register'!$P$7:$P$106,">0",'Asset Register'!$AD$7:$AD$106,"<180") -> 0 | F10: =SUMIFS('Asset Register'!$K$7:$K$106,'Asset Register'!$AC$7:$AC$106,A10,'Asset Register'!$T$7:$T$106,">0") -> 0 | G10: =C10+D10+E10-F10 -> 2300000 | H10: =IF(G10<=0,0,ROUND(IF(C10+D10-F10>=0,(C10+D10-F10)*B10+E10*B10/2,(E10+C10+D10-F10)*B10/2),0)) -> 345000 | I10: =IF(G10<=0,0,G10-H10) -> 1955000 | J10: =IF(G10<0,"Sale exceeds block: short-term capital gain ₹"&TEXT(-G10,"#,##,##0"),"")
A11: ='Rate Chart'!H10 -> Vehicles on Hire (30%) | B11: ='Rate Chart'!I10 -> 0.3 | C11: 0 | D11: =SUMIFS('Asset Register'!$G$7:$G$106,'Asset Register'!$AC$7:$AC$106,A11,'Asset Register'!$P$7:$P$106,">0",'Asset Register'!$AD$7:$AD$106,">=180") -> 2200000 | E11: =SUMIFS('Asset Register'!$G$7:$G$106,'Asset Register'!$AC$7:$AC$106,A11,'Asset Register'!$P$7:$P$106,">0",'Asset Register'!$AD$7:$AD$106,"<180") -> 0 | F11: =SUMIFS('Asset Register'!$K$7:$K$106,'Asset Register'!$AC$7:$AC$106,A11,'Asset Register'!$T$7:$T$106,">0") -> 0 | G11: =C11+D11+E11-F11 -> 2200000 | H11: =IF(G11<=0,0,ROUND(IF(C11+D11-F11>=0,(C11+D11-F11)*B11+E11*B11/2,(E11+C11+D11-F11)*B11/2),0)) -> 660000 | I11: =IF(G11<=0,0,G11-H11) -> 1540000 | J11: =IF(G11<0,"Sale exceeds block: short-term capital gain ₹"&TEXT(-G11,"#,##,##0"),"")
A12: ='Rate Chart'!H11 -> Computers & Software (40%) | B12: ='Rate Chart'!I11 -> 0.4 | C12: 60000 | D12: =SUMIFS('Asset Register'!$G$7:$G$106,'Asset Register'!$AC$7:$AC$106,A12,'Asset Register'!$P$7:$P$106,">0",'Asset Register'!$AD$7:$AD$106,">=180") -> 0 | E12: =SUMIFS('Asset Register'!$G$7:$G$106,'Asset Register'!$AC$7:$AC$106,A12,'Asset Register'!$P$7:$P$106,">0",'Asset Register'!$AD$7:$AD$106,"<180") -> 325000 | F12: =SUMIFS('Asset Register'!$K$7:$K$106,'Asset Register'!$AC$7:$AC$106,A12,'Asset Register'!$T$7:$T$106,">0") -> 15000 | G12: =C12+D12+E12-F12 -> 370000 | H12: =IF(G12<=0,0,ROUND(IF(C12+D12-F12>=0,(C12+D12-F12)*B12+E12*B12/2,(E12+C12+D12-F12)*B12/2),0)) -> 83000 | I12: =IF(G12<=0,0,G12-H12) -> 287000 | J12: =IF(G12<0,"Sale exceeds block: short-term capital gain ₹"&TEXT(-G12,"#,##,##0"),"")
A13: TOTAL | C13: =SUM(C7:C12) -> 5700000 | D13: =SUM(D7:D12) -> 2650000 | E13: =SUM(E7:E12) -> 325000 | F13: =SUM(F7:F12) -> 15000 | G13: =SUM(G7:G12) -> 8660000 | H13: =SUM(H7:H12) -> 1467000 | I13: =SUM(I7:I12) -> 7193000
A15: Book vs tax depreciation
A16: Depreciation in the books (Companies Act) | C16: ='Asset Register'!S107 -> 1066477
A17: Depreciation as per Income Tax | C17: =H13 -> 1467000
A18: Difference (timing difference for deferred tax) | C18: =C17-C16 -> 400523 | D18: Positive = tax depreciation is higher this year
A20: • Additional depreciation, the special rules for assets bought and sold in the same block, and a block that ends when all its assets are sold are not calculated here – adjust manually if they apply.

Sheet Asset Projection
A1: ◄ BACK TO DASHBOARD
A2: Asset Projection – SLM vs WDV over the useful life
A4: Pick Asset ID ► | C4: FA-004
A5: Description | C5: =IFERROR(INDEX('Asset Register'!$C$7:$C$106,MATCH($C$4,'Asset Register'!$B$7:$B$106,0)),"") -> CNC machine
A6: Category | C6: =IFERROR(INDEX('Asset Register'!$D$7:$D$106,MATCH($C$4,'Asset Register'!$B$7:$B$106,0)),"") -> Plant & Machinery (general)
A7: Put-to-use date | C7: =IFERROR(INDEX('Asset Register'!$F$7:$F$106,MATCH($C$4,'Asset Register'!$B$7:$B$106,0)),"") -> 44844
A8: Cost (₹) | C8: =IFERROR(INDEX('Asset Register'!$G$7:$G$106,MATCH($C$4,'Asset Register'!$B$7:$B$106,0)),0) -> 1200000
A9: Useful life (years) | C9: =IFERROR(N(INDEX('Asset Register'!$L$7:$L$106,MATCH($C$4,'Asset Register'!$B$7:$B$106,0))),0) -> 15 | D9: =IF(AND($C$4<>"",C9=0),"Not depreciated (e.g. land)","")
A10: Residual value (₹) | C10: =ROUND(C8*Setup!$C$7,0) -> 60000
A11: SLM rate | C11: =IF(C9=0,0,(1-Setup!$C$7)/C9) -> 0.063333333
A12: WDV rate | C12: =IF(C9=0,0,1-Setup!$C$7^(1/C9)) -> 0.18103627
A13: First year ends on | C13: =IF(C7="","",DATE(YEAR(C7)+IF(MONTH(C7)>=MONTH(Setup!$C$5),1,0),MONTH(Setup!$C$5),1)-1) -> 45016
A14: First-year fraction | C14: =IF(C7="",0,(C13-C7+1)/(C13-DATE(YEAR(C13+1)-1,MONTH(Setup!$C$5),1)+1)) -> 0.4739726
A16: Year | B16: Financial year | C16: Straight Line (SLM) | F16: Written Down Value (WDV) | I16: Fraction | K16: Chart data | L16: SLM | M16: WDV
C17: Opening (₹) | D17: Depreciation (₹) | E17: Closing (₹) | F17: Opening (₹) | G17: Depreciation (₹) | H17: Closing (₹) | I17: of year | K17: Start | L17: =$C$8 -> 1200000 | M17: =$C$8 -> 1200000
A18: =IF(OR($C$9=0,1>$C$9+1),"",1) -> 1 | B18: =IF(A18="","","FY "&(YEAR($C$13)+A18-2)&"-"&RIGHT(YEAR($C$13)+A18-1,2)) -> FY 2022-23 | C18: =IF(A18="","",$C$8) -> 1200000 | D18: =IF(A18="","",ROUND(MAX(0,MIN(($C$8-$C$10)/$C$9*I18,C18-$C$10)),0)) -> 36022 | E18: =IF(A18="","",C18-D18) -> 1163978 | F18: =IF(A18="","",$C$8) -> 1200000 | G18: =IF(A18="","",ROUND(MAX(0,MIN(F18*$C$12*I18,F18-$C$10)),0)) -> 102967 | H18: =IF(A18="","",F18-G18) -> 1097033 | I18: =IF(A18="","",IF(A18=1,$C$14,1)) -> 0.4739726 | K18: =IF($C$9=0,"Yr 1","Yr "&MAX(1,ROUND(1*($C$9+1)/10,0))) -> Yr 2 | L18: =IF($C$9=0,$C$8,N(INDEX($E$18:$E$78,MAX(1,ROUND(1*($C$9+1)/10,0))))) -> 1087978 | M18: =IF($C$9=0,$C$8,N(INDEX($H$18:$H$78,MAX(1,ROUND(1*($C$9+1)/10,0))))) -> 898430
A19: =IF(OR($C$9=0,2>$C$9+1),"",2) -> 2 | B19: =IF(A19="","","FY "&(YEAR($C$13)+A19-2)&"-"&RIGHT(YEAR($C$13)+A19-1,2)) -> FY 2023-24 | C19: =IF(A19="","",E18) -> 1163978 | D19: =IF(A19="","",ROUND(MAX(0,MIN(($C$8-$C$10)/$C$9*I19,C19-$C$10)),0)) -> 76000 | E19: =IF(A19="","",C19-D19) -> 1087978 | F19: =IF(A19="","",H18) -> 1097033 | G19: =IF(A19="","",ROUND(MAX(0,MIN(F19*$C$12*I19,F19-$C$10)),0)) -> 198603 | H19: =IF(A19="","",F19-G19) -> 898430 | I19: =IF(A19="","",IF(A19=1,$C$14,1)) -> 1 | K19: =IF($C$9=0,"Yr 2","Yr "&MAX(1,ROUND(2*($C$9+1)/10,0))) -> Yr 3 | L19: =IF($C$9=0,$C$8,N(INDEX($E$18:$E$78,MAX(1,ROUND(2*($C$9+1)/10,0))))) -> 1011978 | M19: =IF($C$9=0,$C$8,N(INDEX($H$18:$H$78,MAX(1,ROUND(2*($C$9+1)/10,0))))) -> 735782
A20: =IF(OR($C$9=0,3>$C$9+1),"",3) -> 3 | B20: =IF(A20="","","FY "&(YEAR($C$13)+A20-2)&"-"&RIGHT(YEAR($C$13)+A20-1,2)) -> FY 2024-25 | C20: =IF(A20="","",E19) -> 1087978 | D20: =IF(A20="","",ROUND(MAX(0,MIN(($C$8-$C$10)/$C$9*I20,C20-$C$10)),0)) -> 76000 | E20: =IF(A20="","",C20-D20) -> 1011978 | F20: =IF(A20="","",H19) -> 898430 | G20: =IF(A20="","",ROUND(MAX(0,MIN(F20*$C$12*I20,F20-$C$10)),0)) -> 162648 | H20: =IF(A20="","",F20-G20) -> 735782 | I20: =IF(A20="","",IF(A20=1,$C$14,1)) -> 1 | K20: =IF($C$9=0,"Yr 3","Yr "&MAX(1,ROUND(3*($C$9+1)/10,0))) -> Yr 5 | L20: =IF($C$9=0,$C$8,N(INDEX($E$18:$E$78,MAX(1,ROUND(3*($C$9+1)/10,0))))) -> 859978 | M20: =IF($C$9=0,$C$8,N(INDEX($H$18:$H$78,MAX(1,ROUND(3*($C$9+1)/10,0))))) -> 493490
A21: =IF(OR($C$9=0,4>$C$9+1),"",4) -> 4 | B21: =IF(A21="","","FY "&(YEAR($C$13)+A21-2)&"-"&RIGHT(YEAR($C$13)+A21-1,2)) -> FY 2025-26 | C21: =IF(A21="","",E20) -> 1011978 | D21: =IF(A21="","",ROUND(MAX(0,MIN(($C$8-$C$10)/$C$9*I21,C21-$C$10)),0)) -> 76000 | E21: =IF(A21="","",C21-D21) -> 935978 | F21: =IF(A21="","",H20) -> 735782 | G21: =IF(A21="","",ROUND(MAX(0,MIN(F21*$C$12*I21,F21-$C$10)),0)) -> 133203 | H21: =IF(A21="","",F21-G21) -> 602579 | I21: =IF(A21="","",IF(A21=1,$C$14,1)) -> 1 | K21: =IF($C$9=0,"Yr 4","Yr "&MAX(1,ROUND(4*($C$9+1)/10,0))) -> Yr 6 | L21: =IF($C$9=0,$C$8,N(INDEX($E$18:$E$78,MAX(1,ROUND(4*($C$9+1)/10,0))))) -> 783978 | M21: =IF($C$9=0,$C$8,N(INDEX($H$18:$H$78,MAX(1,ROUND(4*($C$9+1)/10,0))))) -> 404150
A22: =IF(OR($C$9=0,5>$C$9+1),"",5) -> 5 | B22: =IF(A22="","","FY "&(YEAR($C$13)+A22-2)&"-"&RIGHT(YEAR($C$13)+A22-1,2)) -> FY 2026-27 | C22: =IF(A22="","",E21) -> 935978 | D22: =IF(A22="","",ROUND(MAX(0,MIN(($C$8-$C$10)/$C$9*I22,C22-$C$10)),0)) -> 76000 | E22: =IF(A22="","",C22-D22) -> 859978 | F22: =IF(A22="","",H21) -> 602579 | G22: =IF(A22="","",ROUND(MAX(0,MIN(F22*$C$12*I22,F22-$C$10)),0)) -> 109089 | H22: =IF(A22="","",F22-G22) -> 493490 | I22: =IF(A22="","",IF(A22=1,$C$14,1)) -> 1 | K22: =IF($C$9=0,"Yr 5","Yr "&MAX(1,ROUND(5*($C$9+1)/10,0))) -> Yr 8 | L22: =IF($C$9=0,$C$8,N(INDEX($E$18:$E$78,MAX(1,ROUND(5*($C$9+1)/10,0))))) -> 631978 | M22: =IF($C$9=0,$C$8,N(INDEX($H$18:$H$78,MAX(1,ROUND(5*($C$9+1)/10,0))))) -> 271064
A23: =IF(OR($C$9=0,6>$C$9+1),"",6) -> 6 | B23: =IF(A23="","","FY "&(YEAR($C$13)+A23-2)&"-"&RIGHT(YEAR($C$13)+A23-1,2)) -> FY 2027-28 | C23: =IF(A23="","",E22) -> 859978 | D23: =IF(A23="","",ROUND(MAX(0,MIN(($C$8-$C$10)/$C$9*I23,C23-$C$10)),0)) -> 76000 | E23: =IF(A23="","",C23-D23) -> 783978 | F23: =IF(A23="","",H22) -> 493490 | G23: =IF(A23="","",ROUND(MAX(0,MIN(F23*$C$12*I23,F23-$C$10)),0)) -> 89340 | H23: =IF(A23="","",F23-G23) -> 404150 | I23: =IF(A23="","",IF(A23=1,$C$14,1)) -> 1 | K23: =IF($C$9=0,"Yr 6","Yr "&MAX(1,ROUND(6*($C$9+1)/10,0))) -> Yr 10 | L23: =IF($C$9=0,$C$8,N(INDEX($E$18:$E$78,MAX(1,ROUND(6*($C$9+1)/10,0))))) -> 479978 | M23: =IF($C$9=0,$C$8,N(INDEX($H$18:$H$78,MAX(1,ROUND(6*($C$9+1)/10,0))))) -> 181803
A24: =IF(OR($C$9=0,7>$C$9+1),"",7) -> 7 | B24: =IF(A24="","","FY "&(YEAR($C$13)+A24-2)&"-"&RIGHT(YEAR($C$13)+A24-1,2)) -> FY 2028-29 | C24: =IF(A24="","",E23) -> 783978 | D24: =IF(A24="","",ROUND(MAX(0,MIN(($C$8-$C$10)/$C$9*I24,C24-$C$10)),0)) -> 76000 | E24: =IF(A24="","",C24-D24) -> 707978 | F24: =IF(A24="","",H23) -> 404150 | G24: =IF(A24="","",ROUND(MAX(0,MIN(F24*$C$12*I24,F24-$C$10)),0)) -> 73166 | H24: =IF(A24="","",F24-G24) -> 330984 | I24: =IF(A24="","",IF(A24=1,$C$14,1)) -> 1 | K24: =IF($C$9=0,"Yr 7","Yr "&MAX(1,ROUND(7*($C$9+1)/10,0))) -> Yr 11 | L24: =IF($C$9=0,$C$8,N(INDEX($E$18:$E$78,MAX(1,ROUND(7*($C$9+1)/10,0))))) -> 403978 | M24: =IF($C$9=0,$C$8,N(INDEX($H$18:$H$78,MAX(1,ROUND(7*($C$9+1)/10,0))))) -> 148890
A25: =IF(OR($C$9=0,8>$C$9+1),"",8) -> 8 | B25: =IF(A25="","","FY "&(YEAR($C$13)+A25-2)&"-"&RIGHT(YEAR($C$13)+A25-1,2)) -> FY 2029-30 | C25: =IF(A25="","",E24) -> 707978 | D25: =IF(A25="","",ROUND(MAX(0,MIN(($C$8-$C$10)/$C$9*I25,C25-$C$10)),0)) -> 76000 | E25: =IF(A25="","",C25-D25) -> 631978 | F25: =IF(A25="","",H24) -> 330984 | G25: =IF(A25="","",ROUND(MAX(0,MIN(F25*$C$12*I25,F25-$C$10)),0)) -> 59920 | H25: =IF(A25="","",F25-G25) -> 271064 | I25: =IF(A25="","",IF(A25=1,$C$14,1)) -> 1 | K25: =IF($C$9=0,"Yr 8","Yr "&MAX(1,ROUND(8*($C$9+1)/10,0))) -> Yr 13 | L25: =IF($C$9=0,$C$8,N(INDEX($E$18:$E$78,MAX(1,ROUND(8*($C$9+1)/10,0))))) -> 251978 | M25: =IF($C$9=0,$C$8,N(INDEX($H$18:$H$78,MAX(1,ROUND(8*($C$9+1)/10,0))))) -> 99861
A26: =IF(OR($C$9=0,9>$C$9+1),"",9) -> 9 | B26: =IF(A26="","","FY "&(YEAR($C$13)+A26-2)&"-"&RIGHT(YEAR($C$13)+A26-1,2)) -> FY 2030-31 | C26: =IF(A26="","",E25) -> 631978 | D26: =IF(A26="","",ROUND(MAX(0,MIN(($C$8-$C$10)/$C$9*I26,C26-$C$10)),0)) -> 76000 | E26: =IF(A26="","",C26-D26) -> 555978 | F26: =IF(A26="","",H25) -> 271064 | G26: =IF(A26="","",ROUND(MAX(0,MIN(F26*$C$12*I26,F26-$C$10)),0)) -> 49072 | H26: =IF(A26="","",F26-G26) -> 221992 | I26: =IF(A26="","",IF(A26=1,$C$14,1)) -> 1 | K26: =IF($C$9=0,"Yr 9","Yr "&MAX(1,ROUND(9*($C$9+1)/10,0))) -> Yr 14 | L26: =IF($C$9=0,$C$8,N(INDEX($E$18:$E$78,MAX(1,ROUND(9*($C$9+1)/10,0))))) -> 175978 | M26: =IF($C$9=0,$C$8,N(INDEX($H$18:$H$78,MAX(1,ROUND(9*($C$9+1)/10,0))))) -> 81783
A27: =IF(OR($C$9=0,10>$C$9+1),"",10) -> 10 | B27: =IF(A27="","","FY "&(YEAR($C$13)+A27-2)&"-"&RIGHT(YEAR($C$13)+A27-1,2)) -> FY 2031-32 | C27: =IF(A27="","",E26) -> 555978 | D27: =IF(A27="","",ROUND(MAX(0,MIN(($C$8-$C$10)/$C$9*I27,C27-$C$10)),0)) -> 76000 | E27: =IF(A27="","",C27-D27) -> 479978 | F27: =IF(A27="","",H26) -> 221992 | G27: =IF(A27="","",ROUND(MAX(0,MIN(F27*$C$12*I27,F27-$C$10)),0)) -> 40189 | H27: =IF(A27="","",F27-G27) -> 181803 | I27: =IF(A27="","",IF(A27=1,$C$14,1)) -> 1 | K27: =IF($C$9=0,"Yr 10","Yr "&MAX(1,ROUND(10*($C$9+1)/10,0))) -> Yr 16 | L27: =IF($C$9=0,$C$8,N(INDEX($E$18:$E$78,MAX(1,ROUND(10*($C$9+1)/10,0))))) -> 60000 | M27: =IF($C$9=0,$C$8,N(INDEX($H$18:$H$78,MAX(1,ROUND(10*($C$9+1)/10,0))))) -> 60000
A28: =IF(OR($C$9=0,11>$C$9+1),"",11) -> 11 | B28: =IF(A28="","","FY "&(YEAR($C$13)+A28-2)&"-"&RIGHT(YEAR($C$13)+A28-1,2)) -> FY 2032-33 | C28: =IF(A28="","",E27) -> 479978 | D28: =IF(A28="","",ROUND(MAX(0,MIN(($C$8-$C$10)/$C$9*I28,C28-$C$10)),0)) -> 76000 | E28: =IF(A28="","",C28-D28) -> 403978 | F28: =IF(A28="","",H27) -> 181803 | G28: =IF(A28="","",ROUND(MAX(0,MIN(F28*$C$12*I28,F28-$C$10)),0)) -> 32913 | H28: =IF(A28="","",F28-G28) -> 148890 | I28: =IF(A28="","",IF(A28=1,$C$14,1)) -> 1
A29: =IF(OR($C$9=0,12>$C$9+1),"",12) -> 12 | B29: =IF(A29="","","FY "&(YEAR($C$13)+A29-2)&"-"&RIGHT(YEAR($C$13)+A29-1,2)) -> FY 2033-34 | C29: =IF(A29="","",E28) -> 403978 | D29: =IF(A29="","",ROUND(MAX(0,MIN(($C$8-$C$10)/$C$9*I29,C29-$C$10)),0)) -> 76000 | E29: =IF(A29="","",C29-D29) -> 327978 | F29: =IF(A29="","",H28) -> 148890 | G29: =IF(A29="","",ROUND(MAX(0,MIN(F29*$C$12*I29,F29-$C$10)),0)) -> 26954 | H29: =IF(A29="","",F29-G29) -> 121936 | I29: =IF(A29="","",IF(A29=1,$C$14,1)) -> 1
A30: =IF(OR($C$9=0,13>$C$9+1),"",13) -> 13 | B30: =IF(A30="","","FY "&(YEAR($C$13)+A30-2)&"-"&RIGHT(YEAR($C$13)+A30-1,2)) -> FY 2034-35 | C30: =IF(A30="","",E29) -> 327978 | D30: =IF(A30="","",ROUND(MAX(0,MIN(($C$8-$C$10)/$C$9*I30,C30-$C$10)),0)) -> 76000 | E30: =IF(A30="","",C30-D30) -> 251978 | F30: =IF(A30="","",H29) -> 121936 | G30: =IF(A30="","",ROUND(MAX(0,MIN(F30*$C$12*I30,F30-$C$10)),0)) -> 22075 | H30: =IF(A30="","",F30-G30) -> 99861 | I30: =IF(A30="","",IF(A30=1,$C$14,1)) -> 1
A31: =IF(OR($C$9=0,14>$C$9+1),"",14) -> 14 | B31: =IF(A31="","","FY "&(YEAR($C$13)+A31-2)&"-"&RIGHT(YEAR($C$13)+A31-1,2)) -> FY 2035-36 | C31: =IF(A31="","",E30) -> 251978 | D31: =IF(A31="","",ROUND(MAX(0,MIN(($C$8-$C$10)/$C$9*I31,C31-$C$10)),0)) -> 76000 | E31: =IF(A31="","",C31-D31) -> 175978 | F31: =IF(A31="","",H30) -> 99861 | G31: =IF(A31="","",ROUND(MAX(0,MIN(F31*$C$12*I31,F31-$C$10)),0)) -> 18078 | H31: =IF(A31="","",F31-G31) -> 81783 | I31: =IF(A31="","",IF(A31=1,$C$14,1)) -> 1
A32: =IF(OR($C$9=0,15>$C$9+1),"",15) -> 15 | B32: =IF(A32="","","FY "&(YEAR($C$13)+A32-2)&"-"&RIGHT(YEAR($C$13)+A32-1,2)) -> FY 2036-37 | C32: =IF(A32="","",E31) -> 175978 | D32: =IF(A32="","",ROUND(MAX(0,MIN(($C$8-$C$10)/$C$9*I32,C32-$C$10)),0)) -> 76000 | E32: =IF(A32="","",C32-D32) -> 99978 | F32: =IF(A32="","",H31) -> 81783 | G32: =IF(A32="","",ROUND(MAX(0,MIN(F32*$C$12*I32,F32-$C$10)),0)) -> 14806 | H32: =IF(A32="","",F32-G32) -> 66977 | I32: =IF(A32="","",IF(A32=1,$C$14,1)) -> 1
A33: =IF(OR($C$9=0,16>$C$9+1),"",16) -> 16 | B33: =IF(A33="","","FY "&(YEAR($C$13)+A33-2)&"-"&RIGHT(YEAR($C$13)+A33-1,2)) -> FY 2037-38 | C33: =IF(A33="","",E32) -> 99978 | D33: =IF(A33="","",ROUND(MAX(0,MIN(($C$8-$C$10)/$C$9*I33,C33-$C$10)),0)) -> 39978 | E33: =IF(A33="","",C33-D33) -> 60000 | F33: =IF(A33="","",H32) -> 66977 | G33: =IF(A33="","",ROUND(MAX(0,MIN(F33*$C$12*I33,F33-$C$10)),0)) -> 6977 | H33: =IF(A33="","",F33-G33) -> 60000 | I33: =IF(A33="","",IF(A33=1,$C$14,1)) -> 1
A34: =IF(OR($C$9=0,17>$C$9+1),"",17) | B34: =IF(A34="","","FY "&(YEAR($C$13)+A34-2)&"-"&RIGHT(YEAR($C$13)+A34-1,2)) | C34: =IF(A34="","",E33) | D34: =IF(A34="","",ROUND(MAX(0,MIN(($C$8-$C$10)/$C$9*I34,C34-$C$10)),0)) | E34: =IF(A34="","",C34-D34) | F34: =IF(A34="","",H33) | G34: =IF(A34="","",ROUND(MAX(0,MIN(F34*$C$12*I34,F34-$C$10)),0)) | H34: =IF(A34="","",F34-G34) | I34: =IF(A34="","",IF(A34=1,$C$14,1))
A35: =IF(OR($C$9=0,18>$C$9+1),"",18) | B35: =IF(A35="","","FY "&(YEAR($C$13)+A35-2)&"-"&RIGHT(YEAR($C$13)+A35-1,2)) | C35: =IF(A35="","",E34) | D35: =IF(A35="","",ROUND(MAX(0,MIN(($C$8-$C$10)/$C$9*I35,C35-$C$10)),0)) | E35: =IF(A35="","",C35-D35) | F35: =IF(A35="","",H34) | G35: =IF(A35="","",ROUND(MAX(0,MIN(F35*$C$12*I35,F35-$C$10)),0)) | H35: =IF(A35="","",F35-G35) | I35: =IF(A35="","",IF(A35=1,$C$14,1))
A36: =IF(OR($C$9=0,19>$C$9+1),"",19) | B36: =IF(A36="","","FY "&(YEAR($C$13)+A36-2)&"-"&RIGHT(YEAR($C$13)+A36-1,2)) | C36: =IF(A36="","",E35) | D36: =IF(A36="","",ROUND(MAX(0,MIN(($C$8-$C$10)/$C$9*I36,C36-$C$10)),0)) | E36: =IF(A36="","",C36-D36) | F36: =IF(A36="","",H35) | G36: =IF(A36="","",ROUND(MAX(0,MIN(F36*$C$12*I36,F36-$C$10)),0)) | H36: =IF(A36="","",F36-G36) | I36: =IF(A36="","",IF(A36=1,$C$14,1))
A37: =IF(OR($C$9=0,20>$C$9+1),"",20) | B37: =IF(A37="","","FY "&(YEAR($C$13)+A37-2)&"-"&RIGHT(YEAR($C$13)+A37-1,2)) | C37: =IF(A37="","",E36) | D37: =IF(A37="","",ROUND(MAX(0,MIN(($C$8-$C$10)/$C$9*I37,C37-$C$10)),0)) | E37: =IF(A37="","",C37-D37) | F37: =IF(A37="","",H36) | G37: =IF(A37="","",ROUND(MAX(0,MIN(F37*$C$12*I37,F37-$C$10)),0)) | H37: =IF(A37="","",F37-G37) | I37: =IF(A37="","",IF(A37=1,$C$14,1))
A38: =IF(OR($C$9=0,21>$C$9+1),"",21) | B38: =IF(A38="","","FY "&(YEAR($C$13)+A38-2)&"-"&RIGHT(YEAR($C$13)+A38-1,2)) | C38: =IF(A38="","",E37) | D38: =IF(A38="","",ROUND(MAX(0,MIN(($C$8-$C$10)/$C$9*I38,C38-$C$10)),0)) | E38: =IF(A38="","",C38-D38) | F38: =IF(A38="","",H37) | G38: =IF(A38="","",ROUND(MAX(0,MIN(F38*$C$12*I38,F38-$C$10)),0)) | H38: =IF(A38="","",F38-G38) | I38: =IF(A38="","",IF(A38=1,$C$14,1))
A39: =IF(OR($C$9=0,22>$C$9+1),"",22) | B39: =IF(A39="","","FY "&(YEAR($C$13)+A39-2)&"-"&RIGHT(YEAR($C$13)+A39-1,2)) | C39: =IF(A39="","",E38) | D39: =IF(A39="","",ROUND(MAX(0,MIN(($C$8-$C$10)/$C$9*I39,C39-$C$10)),0)) | E39: =IF(A39="","",C39-D39) | F39: =IF(A39="","",H38) | G39: =IF(A39="","",ROUND(MAX(0,MIN(F39*$C$12*I39,F39-$C$10)),0)) | H39: =IF(A39="","",F39-G39) | I39: =IF(A39="","",IF(A39=1,$C$14,1))
A40: =IF(OR($C$9=0,23>$C$9+1),"",23) | B40: =IF(A40="","","FY "&(YEAR($C$13)+A40-2)&"-"&RIGHT(YEAR($C$13)+A40-1,2)) | C40: =IF(A40="","",E39) | D40: =IF(A40="","",ROUND(MAX(0,MIN(($C$8-$C$10)/$C$9*I40,C40-$C$10)),0)) | E40: =IF(A40="","",C40-D40) | F40: =IF(A40="","",H39) | G40: =IF(A40="","",ROUND(MAX(0,MIN(F40*$C$12*I40,F40-$C$10)),0)) | H40: =IF(A40="","",F40-G40) | I40: =IF(A40="","",IF(A40=1,$C$14,1))
A41: =IF(OR($C$9=0,24>$C$9+1),"",24) | B41: =IF(A41="","","FY "&(YEAR($C$13)+A41-2)&"-"&RIGHT(YEAR($C$13)+A41-1,2)) | C41: =IF(A41="","",E40) | D41: =IF(A41="","",ROUND(MAX(0,MIN(($C$8-$C$10)/$C$9*I41,C41-$C$10)),0)) | E41: =IF(A41="","",C41-D41) | F41: =IF(A41="","",H40) | G41: =IF(A41="","",ROUND(MAX(0,MIN(F41*$C$12*I41,F41-$C$10)),0)) | H41: =IF(A41="","",F41-G41) | I41: =IF(A41="","",IF(A41=1,$C$14,1))
A42: =IF(OR($C$9=0,25>$C$9+1),"",25) | B42: =IF(A42="","","FY "&(YEAR($C$13)+A42-2)&"-"&RIGHT(YEAR($C$13)+A42-1,2)) | C42: =IF(A42="","",E41) | D42: =IF(A42="","",ROUND(MAX(0,MIN(($C$8-$C$10)/$C$9*I42,C42-$C$10)),0)) | E42: =IF(A42="","",C42-D42) | F42: =IF(A42="","",H41) | G42: =IF(A42="","",ROUND(MAX(0,MIN(F42*$C$12*I42,F42-$C$10)),0)) | H42: =IF(A42="","",F42-G42) | I42: =IF(A42="","",IF(A42=1,$C$14,1))
A43: =IF(OR($C$9=0,26>$C$9+1),"",26) | B43: =IF(A43="","","FY "&(YEAR($C$13)+A43-2)&"-"&RIGHT(YEAR($C$13)+A43-1,2)) | C43: =IF(A43="","",E42) | D43: =IF(A43="","",ROUND(MAX(0,MIN(($C$8-$C$10)/$C$9*I43,C43-$C$10)),0)) | E43: =IF(A43="","",C43-D43) | F43: =IF(A43="","",H42) | G43: =IF(A43="","",ROUND(MAX(0,MIN(F43*$C$12*I43,F43-$C$10)),0)) | H43: =IF(A43="","",F43-G43) | I43: =IF(A43="","",IF(A43=1,$C$14,1))
A44: =IF(OR($C$9=0,27>$C$9+1),"",27) | B44: =IF(A44="","","FY "&(YEAR($C$13)+A44-2)&"-"&RIGHT(YEAR($C$13)+A44-1,2)) | C44: =IF(A44="","",E43) | D44: =IF(A44="","",ROUND(MAX(0,MIN(($C$8-$C$10)/$C$9*I44,C44-$C$10)),0)) | E44: =IF(A44="","",C44-D44) | F44: =IF(A44="","",H43) | G44: =IF(A44="","",ROUND(MAX(0,MIN(F44*$C$12*I44,F44-$C$10)),0)) | H44: =IF(A44="","",F44-G44) | I44: =IF(A44="","",IF(A44=1,$C$14,1))
A45: =IF(OR($C$9=0,28>$C$9+1),"",28) | B45: =IF(A45="","","FY "&(YEAR($C$13)+A45-2)&"-"&RIGHT(YEAR($C$13)+A45-1,2)) | C45: =IF(A45="","",E44) | D45: =IF(A45="","",ROUND(MAX(0,MIN(($C$8-$C$10)/$C$9*I45,C45-$C$10)),0)) | E45: =IF(A45="","",C45-D45) | F45: =IF(A45="","",H44) | G45: =IF(A45="","",ROUND(MAX(0,MIN(F45*$C$12*I45,F45-$C$10)),0)) | H45: =IF(A45="","",F45-G45) | I45: =IF(A45="","",IF(A45=1,$C$14,1))
A46: =IF(OR($C$9=0,29>$C$9+1),"",29) | B46: =IF(A46="","","FY "&(YEAR($C$13)+A46-2)&"-"&RIGHT(YEAR($C$13)+A46-1,2)) | C46: =IF(A46="","",E45) | D46: =IF(A46="","",ROUND(MAX(0,MIN(($C$8-$C$10)/$C$9*I46,C46-$C$10)),0)) | E46: =IF(A46="","",C46-D46) | F46: =IF(A46="","",H45) | G46: =IF(A46="","",ROUND(MAX(0,MIN(F46*$C$12*I46,F46-$C$10)),0)) | H46: =IF(A46="","",F46-G46) | I46: =IF(A46="","",IF(A46=1,$C$14,1))
A47: =IF(OR($C$9=0,30>$C$9+1),"",30) | B47: =IF(A47="","","FY "&(YEAR($C$13)+A47-2)&"-"&RIGHT(YEAR($C$13)+A47-1,2)) | C47: =IF(A47="","",E46) | D47: =IF(A47="","",ROUND(MAX(0,MIN(($C$8-$C$10)/$C$9*I47,C47-$C$10)),0)) | E47: =IF(A47="","",C47-D47) | F47: =IF(A47="","",H46) | G47: =IF(A47="","",ROUND(MAX(0,MIN(F47*$C$12*I47,F47-$C$10)),0)) | H47: =IF(A47="","",F47-G47) | I47: =IF(A47="","",IF(A47=1,$C$14,1))
A48: =IF(OR($C$9=0,31>$C$9+1),"",31) | B48: =IF(A48="","","FY "&(YEAR($C$13)+A48-2)&"-"&RIGHT(YEAR($C$13)+A48-1,2)) | C48: =IF(A48="","",E47) | D48: =IF(A48="","",ROUND(MAX(0,MIN(($C$8-$C$10)/$C$9*I48,C48-$C$10)),0)) | E48: =IF(A48="","",C48-D48) | F48: =IF(A48="","",H47) | G48: =IF(A48="","",ROUND(MAX(0,MIN(F48*$C$12*I48,F48-$C$10)),0)) | H48: =IF(A48="","",F48-G48) | I48: =IF(A48="","",IF(A48=1,$C$14,1))
A49: =IF(OR($C$9=0,32>$C$9+1),"",32) | B49: =IF(A49="","","FY "&(YEAR($C$13)+A49-2)&"-"&RIGHT(YEAR($C$13)+A49-1,2)) | C49: =IF(A49="","",E48) | D49: =IF(A49="","",ROUND(MAX(0,MIN(($C$8-$C$10)/$C$9*I49,C49-$C$10)),0)) | E49: =IF(A49="","",C49-D49) | F49: =IF(A49="","",H48) | G49: =IF(A49="","",ROUND(MAX(0,MIN(F49*$C$12*I49,F49-$C$10)),0)) | H49: =IF(A49="","",F49-G49) | I49: =IF(A49="","",IF(A49=1,$C$14,1))
A50: =IF(OR($C$9=0,33>$C$9+1),"",33) | B50: =IF(A50="","","FY "&(YEAR($C$13)+A50-2)&"-"&RIGHT(YEAR($C$13)+A50-1,2)) | C50: =IF(A50="","",E49) | D50: =IF(A50="","",ROUND(MAX(0,MIN(($C$8-$C$10)/$C$9*I50,C50-$C$10)),0)) | E50: =IF(A50="","",C50-D50) | F50: =IF(A50="","",H49) | G50: =IF(A50="","",ROUND(MAX(0,MIN(F50*$C$12*I50,F50-$C$10)),0)) | H50: =IF(A50="","",F50-G50) | I50: =IF(A50="","",IF(A50=1,$C$14,1))
A51: =IF(OR($C$9=0,34>$C$9+1),"",34) | B51: =IF(A51="","","FY "&(YEAR($C$13)+A51-2)&"-"&RIGHT(YEAR($C$13)+A51-1,2)) | C51: =IF(A51="","",E50) | D51: =IF(A51="","",ROUND(MAX(0,MIN(($C$8-$C$10)/$C$9*I51,C51-$C$10)),0)) | E51: =IF(A51="","",C51-D51) | F51: =IF(A51="","",H50) | G51: =IF(A51="","",ROUND(MAX(0,MIN(F51*$C$12*I51,F51-$C$10)),0)) | H51: =IF(A51="","",F51-G51) | I51: =IF(A51="","",IF(A51=1,$C$14,1))
A52: =IF(OR($C$9=0,35>$C$9+1),"",35) | B52: =IF(A52="","","FY "&(YEAR($C$13)+A52-2)&"-"&RIGHT(YEAR($C$13)+A52-1,2)) | C52: =IF(A52="","",E51) | D52: =IF(A52="","",ROUND(MAX(0,MIN(($C$8-$C$10)/$C$9*I52,C52-$C$10)),0)) | E52: =IF(A52="","",C52-D52) | F52: =IF(A52="","",H51) | G52: =IF(A52="","",ROUND(MAX(0,MIN(F52*$C$12*I52,F52-$C$10)),0)) | H52: =IF(A52="","",F52-G52) | I52: =IF(A52="","",IF(A52=1,$C$14,1))
A53: =IF(OR($C$9=0,36>$C$9+1),"",36) | B53: =IF(A53="","","FY "&(YEAR($C$13)+A53-2)&"-"&RIGHT(YEAR($C$13)+A53-1,2)) | C53: =IF(A53="","",E52) | D53: =IF(A53="","",ROUND(MAX(0,MIN(($C$8-$C$10)/$C$9*I53,C53-$C$10)),0)) | E53: =IF(A53="","",C53-D53) | F53: =IF(A53="","",H52) | G53: =IF(A53="","",ROUND(MAX(0,MIN(F53*$C$12*I53,F53-$C$10)),0)) | H53: =IF(A53="","",F53-G53) | I53: =IF(A53="","",IF(A53=1,$C$14,1))
A54: =IF(OR($C$9=0,37>$C$9+1),"",37) | B54: =IF(A54="","","FY "&(YEAR($C$13)+A54-2)&"-"&RIGHT(YEAR($C$13)+A54-1,2)) | C54: =IF(A54="","",E53) | D54: =IF(A54="","",ROUND(MAX(0,MIN(($C$8-$C$10)/$C$9*I54,C54-$C$10)),0)) | E54: =IF(A54="","",C54-D54) | F54: =IF(A54="","",H53) | G54: =IF(A54="","",ROUND(MAX(0,MIN(F54*$C$12*I54,F54-$C$10)),0)) | H54: =IF(A54="","",F54-G54) | I54: =IF(A54="","",IF(A54=1,$C$14,1))
A55: =IF(OR($C$9=0,38>$C$9+1),"",38) | B55: =IF(A55="","","FY "&(YEAR($C$13)+A55-2)&"-"&RIGHT(YEAR($C$13)+A55-1,2)) | C55: =IF(A55="","",E54) | D55: =IF(A55="","",ROUND(MAX(0,MIN(($C$8-$C$10)/$C$9*I55,C55-$C$10)),0)) | E55: =IF(A55="","",C55-D55) | F55: =IF(A55="","",H54) | G55: =IF(A55="","",ROUND(MAX(0,MIN(F55*$C$12*I55,F55-$C$10)),0)) | H55: =IF(A55="","",F55-G55) | I55: =IF(A55="","",IF(A55=1,$C$14,1))
A56: =IF(OR($C$9=0,39>$C$9+1),"",39) | B56: =IF(A56="","","FY "&(YEAR($C$13)+A56-2)&"-"&RIGHT(YEAR($C$13)+A56-1,2)) | C56: =IF(A56="","",E55) | D56: =IF(A56="","",ROUND(MAX(0,MIN(($C$8-$C$10)/$C$9*I56,C56-$C$10)),0)) | E56: =IF(A56="","",C56-D56) | F56: =IF(A56="","",H55) | G56: =IF(A56="","",ROUND(MAX(0,MIN(F56*$C$12*I56,F56-$C$10)),0)) | H56: =IF(A56="","",F56-G56) | I56: =IF(A56="","",IF(A56=1,$C$14,1))
A57: =IF(OR($C$9=0,40>$C$9+1),"",40) | B57: =IF(A57="","","FY "&(YEAR($C$13)+A57-2)&"-"&RIGHT(YEAR($C$13)+A57-1,2)) | C57: =IF(A57="","",E56) | D57: =IF(A57="","",ROUND(MAX(0,MIN(($C$8-$C$10)/$C$9*I57,C57-$C$10)),0)) | E57: =IF(A57="","",C57-D57) | F57: =IF(A57="","",H56) | G57: =IF(A57="","",ROUND(MAX(0,MIN(F57*$C$12*I57,F57-$C$10)),0)) | H57: =IF(A57="","",F57-G57) | I57: =IF(A57="","",IF(A57=1,$C$14,1))
A58: =IF(OR($C$9=0,41>$C$9+1),"",41) | B58: =IF(A58="","","FY "&(YEAR($C$13)+A58-2)&"-"&RIGHT(YEAR($C$13)+A58-1,2)) | C58: =IF(A58="","",E57) | D58: =IF(A58="","",ROUND(MAX(0,MIN(($C$8-$C$10)/$C$9*I58,C58-$C$10)),0)) | E58: =IF(A58="","",C58-D58) | F58: =IF(A58="","",H57) | G58: =IF(A58="","",ROUND(MAX(0,MIN(F58*$C$12*I58,F58-$C$10)),0)) | H58: =IF(A58="","",F58-G58) | I58: =IF(A58="","",IF(A58=1,$C$14,1))
A59: =IF(OR($C$9=0,42>$C$9+1),"",42) | B59: =IF(A59="","","FY "&(YEAR($C$13)+A59-2)&"-"&RIGHT(YEAR($C$13)+A59-1,2)) | C59: =IF(A59="","",E58) | D59: =IF(A59="","",ROUND(MAX(0,MIN(($C$8-$C$10)/$C$9*I59,C59-$C$10)),0)) | E59: =IF(A59="","",C59-D59) | F59: =IF(A59="","",H58) | G59: =IF(A59="","",ROUND(MAX(0,MIN(F59*$C$12*I59,F59-$C$10)),0)) | H59: =IF(A59="","",F59-G59) | I59: =IF(A59="","",IF(A59=1,$C$14,1))
A60: =IF(OR($C$9=0,43>$C$9+1),"",43) | B60: =IF(A60="","","FY "&(YEAR($C$13)+A60-2)&"-"&RIGHT(YEAR($C$13)+A60-1,2)) | C60: =IF(A60="","",E59) | D60: =IF(A60="","",ROUND(MAX(0,MIN(($C$8-$C$10)/$C$9*I60,C60-$C$10)),0)) | E60: =IF(A60="","",C60-D60) | F60: =IF(A60="","",H59) | G60: =IF(A60="","",ROUND(MAX(0,MIN(F60*$C$12*I60,F60-$C$10)),0)) | H60: =IF(A60="","",F60-G60) | I60: =IF(A60="","",IF(A60=1,$C$14,1))
A61: =IF(OR($C$9=0,44>$C$9+1),"",44) | B61: =IF(A61="","","FY "&(YEAR($C$13)+A61-2)&"-"&RIGHT(YEAR($C$13)+A61-1,2)) | C61: =IF(A61="","",E60) | D61: =IF(A61="","",ROUND(MAX(0,MIN(($C$8-$C$10)/$C$9*I61,C61-$C$10)),0)) | E61: =IF(A61="","",C61-D61) | F61: =IF(A61="","",H60) | G61: =IF(A61="","",ROUND(MAX(0,MIN(F61*$C$12*I61,F61-$C$10)),0)) | H61: =IF(A61="","",F61-G61) | I61: =IF(A61="","",IF(A61=1,$C$14,1))
A62: =IF(OR($C$9=0,45>$C$9+1),"",45) | B62: =IF(A62="","","FY "&(YEAR($C$13)+A62-2)&"-"&RIGHT(YEAR($C$13)+A62-1,2)) | C62: =IF(A62="","",E61) | D62: =IF(A62="","",ROUND(MAX(0,MIN(($C$8-$C$10)/$C$9*I62,C62-$C$10)),0)) | E62: =IF(A62="","",C62-D62) | F62: =IF(A62="","",H61) | G62: =IF(A62="","",ROUND(MAX(0,MIN(F62*$C$12*I62,F62-$C$10)),0)) | H62: =IF(A62="","",F62-G62) | I62: =IF(A62="","",IF(A62=1,$C$14,1))
A63: =IF(OR($C$9=0,46>$C$9+1),"",46) | B63: =IF(A63="","","FY "&(YEAR($C$13)+A63-2)&"-"&RIGHT(YEAR($C$13)+A63-1,2)) | C63: =IF(A63="","",E62) | D63: =IF(A63="","",ROUND(MAX(0,MIN(($C$8-$C$10)/$C$9*I63,C63-$C$10)),0)) | E63: =IF(A63="","",C63-D63) | F63: =IF(A63="","",H62) | G63: =IF(A63="","",ROUND(MAX(0,MIN(F63*$C$12*I63,F63-$C$10)),0)) | H63: =IF(A63="","",F63-G63) | I63: =IF(A63="","",IF(A63=1,$C$14,1))
A64: =IF(OR($C$9=0,47>$C$9+1),"",47) | B64: =IF(A64="","","FY "&(YEAR($C$13)+A64-2)&"-"&RIGHT(YEAR($C$13)+A64-1,2)) | C64: =IF(A64="","",E63) | D64: =IF(A64="","",ROUND(MAX(0,MIN(($C$8-$C$10)/$C$9*I64,C64-$C$10)),0)) | E64: =IF(A64="","",C64-D64) | F64: =IF(A64="","",H63) | G64: =IF(A64="","",ROUND(MAX(0,MIN(F64*$C$12*I64,F64-$C$10)),0)) | H64: =IF(A64="","",F64-G64) | I64: =IF(A64="","",IF(A64=1,$C$14,1))
A65: =IF(OR($C$9=0,48>$C$9+1),"",48) | B65: =IF(A65="","","FY "&(YEAR($C$13)+A65-2)&"-"&RIGHT(YEAR($C$13)+A65-1,2)) | C65: =IF(A65="","",E64) | D65: =IF(A65="","",ROUND(MAX(0,MIN(($C$8-$C$10)/$C$9*I65,C65-$C$10)),0)) | E65: =IF(A65="","",C65-D65) | F65: =IF(A65="","",H64) | G65: =IF(A65="","",ROUND(MAX(0,MIN(F65*$C$12*I65,F65-$C$10)),0)) | H65: =IF(A65="","",F65-G65) | I65: =IF(A65="","",IF(A65=1,$C$14,1))
A66: =IF(OR($C$9=0,49>$C$9+1),"",49) | B66: =IF(A66="","","FY "&(YEAR($C$13)+A66-2)&"-"&RIGHT(YEAR($C$13)+A66-1,2)) | C66: =IF(A66="","",E65) | D66: =IF(A66="","",ROUND(MAX(0,MIN(($C$8-$C$10)/$C$9*I66,C66-$C$10)),0)) | E66: =IF(A66="","",C66-D66) | F66: =IF(A66="","",H65) | G66: =IF(A66="","",ROUND(MAX(0,MIN(F66*$C$12*I66,F66-$C$10)),0)) | H66: =IF(A66="","",F66-G66) | I66: =IF(A66="","",IF(A66=1,$C$14,1))
A67: =IF(OR($C$9=0,50>$C$9+1),"",50) | B67: =IF(A67="","","FY "&(YEAR($C$13)+A67-2)&"-"&RIGHT(YEAR($C$13)+A67-1,2)) | C67: =IF(A67="","",E66) | D67: =IF(A67="","",ROUND(MAX(0,MIN(($C$8-$C$10)/$C$9*I67,C67-$C$10)),0)) | E67: =IF(A67="","",C67-D67) | F67: =IF(A67="","",H66) | G67: =IF(A67="","",ROUND(MAX(0,MIN(F67*$C$12*I67,F67-$C$10)),0)) | H67: =IF(A67="","",F67-G67) | I67: =IF(A67="","",IF(A67=1,$C$14,1))
A68: =IF(OR($C$9=0,51>$C$9+1),"",51) | B68: =IF(A68="","","FY "&(YEAR($C$13)+A68-2)&"-"&RIGHT(YEAR($C$13)+A68-1,2)) | C68: =IF(A68="","",E67) | D68: =IF(A68="","",ROUND(MAX(0,MIN(($C$8-$C$10)/$C$9*I68,C68-$C$10)),0)) | E68: =IF(A68="","",C68-D68) | F68: =IF(A68="","",H67) | G68: =IF(A68="","",ROUND(MAX(0,MIN(F68*$C$12*I68,F68-$C$10)),0)) | H68: =IF(A68="","",F68-G68) | I68: =IF(A68="","",IF(A68=1,$C$14,1))
A69: =IF(OR($C$9=0,52>$C$9+1),"",52) | B69: =IF(A69="","","FY "&(YEAR($C$13)+A69-2)&"-"&RIGHT(YEAR($C$13)+A69-1,2)) | C69: =IF(A69="","",E68) | D69: =IF(A69="","",ROUND(MAX(0,MIN(($C$8-$C$10)/$C$9*I69,C69-$C$10)),0)) | E69: =IF(A69="","",C69-D69) | F69: =IF(A69="","",H68) | G69: =IF(A69="","",ROUND(MAX(0,MIN(F69*$C$12*I69,F69-$C$10)),0)) | H69: =IF(A69="","",F69-G69) | I69: =IF(A69="","",IF(A69=1,$C$14,1))
A70: =IF(OR($C$9=0,53>$C$9+1),"",53) | B70: =IF(A70="","","FY "&(YEAR($C$13)+A70-2)&"-"&RIGHT(YEAR($C$13)+A70-1,2)) | C70: =IF(A70="","",E69) | D70: =IF(A70="","",ROUND(MAX(0,MIN(($C$8-$C$10)/$C$9*I70,C70-$C$10)),0)) | E70: =IF(A70="","",C70-D70) | F70: =IF(A70="","",H69) | G70: =IF(A70="","",ROUND(MAX(0,MIN(F70*$C$12*I70,F70-$C$10)),0)) | H70: =IF(A70="","",F70-G70) | I70: =IF(A70="","",IF(A70=1,$C$14,1))
A71: =IF(OR($C$9=0,54>$C$9+1),"",54) | B71: =IF(A71="","","FY "&(YEAR($C$13)+A71-2)&"-"&RIGHT(YEAR($C$13)+A71-1,2)) | C71: =IF(A71="","",E70) | D71: =IF(A71="","",ROUND(MAX(0,MIN(($C$8-$C$10)/$C$9*I71,C71-$C$10)),0)) | E71: =IF(A71="","",C71-D71) | F71: =IF(A71="","",H70) | G71: =IF(A71="","",ROUND(MAX(0,MIN(F71*$C$12*I71,F71-$C$10)),0)) | H71: =IF(A71="","",F71-G71) | I71: =IF(A71="","",IF(A71=1,$C$14,1))
A72: =IF(OR($C$9=0,55>$C$9+1),"",55) | B72: =IF(A72="","","FY "&(YEAR($C$13)+A72-2)&"-"&RIGHT(YEAR($C$13)+A72-1,2)) | C72: =IF(A72="","",E71) | D72: =IF(A72="","",ROUND(MAX(0,MIN(($C$8-$C$10)/$C$9*I72,C72-$C$10)),0)) | E72: =IF(A72="","",C72-D72) | F72: =IF(A72="","",H71) | G72: =IF(A72="","",ROUND(MAX(0,MIN(F72*$C$12*I72,F72-$C$10)),0)) | H72: =IF(A72="","",F72-G72) | I72: =IF(A72="","",IF(A72=1,$C$14,1))
A73: =IF(OR($C$9=0,56>$C$9+1),"",56) | B73: =IF(A73="","","FY "&(YEAR($C$13)+A73-2)&"-"&RIGHT(YEAR($C$13)+A73-1,2)) | C73: =IF(A73="","",E72) | D73: =IF(A73="","",ROUND(MAX(0,MIN(($C$8-$C$10)/$C$9*I73,C73-$C$10)),0)) | E73: =IF(A73="","",C73-D73) | F73: =IF(A73="","",H72) | G73: =IF(A73="","",ROUND(MAX(0,MIN(F73*$C$12*I73,F73-$C$10)),0)) | H73: =IF(A73="","",F73-G73) | I73: =IF(A73="","",IF(A73=1,$C$14,1))
A74: =IF(OR($C$9=0,57>$C$9+1),"",57) | B74: =IF(A74="","","FY "&(YEAR($C$13)+A74-2)&"-"&RIGHT(YEAR($C$13)+A74-1,2)) | C74: =IF(A74="","",E73) | D74: =IF(A74="","",ROUND(MAX(0,MIN(($C$8-$C$10)/$C$9*I74,C74-$C$10)),0)) | E74: =IF(A74="","",C74-D74) | F74: =IF(A74="","",H73) | G74: =IF(A74="","",ROUND(MAX(0,MIN(F74*$C$12*I74,F74-$C$10)),0)) | H74: =IF(A74="","",F74-G74) | I74: =IF(A74="","",IF(A74=1,$C$14,1))
A75: =IF(OR($C$9=0,58>$C$9+1),"",58) | B75: =IF(A75="","","FY "&(YEAR($C$13)+A75-2)&"-"&RIGHT(YEAR($C$13)+A75-1,2)) | C75: =IF(A75="","",E74) | D75: =IF(A75="","",ROUND(MAX(0,MIN(($C$8-$C$10)/$C$9*I75,C75-$C$10)),0)) | E75: =IF(A75="","",C75-D75) | F75: =IF(A75="","",H74) | G75: =IF(A75="","",ROUND(MAX(0,MIN(F75*$C$12*I75,F75-$C$10)),0)) | H75: =IF(A75="","",F75-G75) | I75: =IF(A75="","",IF(A75=1,$C$14,1))
A76: =IF(OR($C$9=0,59>$C$9+1),"",59) | B76: =IF(A76="","","FY "&(YEAR($C$13)+A76-2)&"-"&RIGHT(YEAR($C$13)+A76-1,2)) | C76: =IF(A76="","",E75) | D76: =IF(A76="","",ROUND(MAX(0,MIN(($C$8-$C$10)/$C$9*I76,C76-$C$10)),0)) | E76: =IF(A76="","",C76-D76) | F76: =IF(A76="","",H75) | G76: =IF(A76="","",ROUND(MAX(0,MIN(F76*$C$12*I76,F76-$C$10)),0)) | H76: =IF(A76="","",F76-G76) | I76: =IF(A76="","",IF(A76=1,$C$14,1))
A77: =IF(OR($C$9=0,60>$C$9+1),"",60) | B77: =IF(A77="","","FY "&(YEAR($C$13)+A77-2)&"-"&RIGHT(YEAR($C$13)+A77-1,2)) | C77: =IF(A77="","",E76) | D77: =IF(A77="","",ROUND(MAX(0,MIN(($C$8-$C$10)/$C$9*I77,C77-$C$10)),0)) | E77: =IF(A77="","",C77-D77) | F77: =IF(A77="","",H76) | G77: =IF(A77="","",ROUND(MAX(0,MIN(F77*$C$12*I77,F77-$C$10)),0)) | H77: =IF(A77="","",F77-G77) | I77: =IF(A77="","",IF(A77=1,$C$14,1))
A78: =IF(OR($C$9=0,61>$C$9+1),"",61) | B78: =IF(A78="","","FY "&(YEAR($C$13)+A78-2)&"-"&RIGHT(YEAR($C$13)+A78-1,2)) | C78: =IF(A78="","",E77) | D78: =IF(A78="","",ROUND(MAX(0,MIN(($C$8-$C$10)/$C$9*I78,C78-$C$10)),0)) | E78: =IF(A78="","",C78-D78) | F78: =IF(A78="","",H77) | G78: =IF(A78="","",ROUND(MAX(0,MIN(F78*$C$12*I78,F78-$C$10)),0)) | H78: =IF(A78="","",F78-G78) | I78: =IF(A78="","",IF(A78=1,$C$14,1))

Sheet Lists
A1: Method
A2: SLM
A3: WDV
